 Dungeon Crawl Stone Soup version 0.25-a0-424-g80bd347ae0 (webtiles) character file.

Game seed: 15802118942218409621, levelgen mode: deterministic

1881237 SludgeElvesOrGTFO the Archmage (level 27, 172/172 HPs)
             Began as a Deep Elf Fire Elementalist on Jan 22, 2020.
             Was the Champion of Vehumet.
             Escaped with the Orb
             ... and 4 runes on Jan 23, 2020!
             The game lasted 05:09:47 (112265 turns).

SludgeElvesOrGTFO the Archmage (DEFE)             Turns: 112265, Time: 05:09:48

Health: 172/172    AC: 41    Str: 10    XL:     27
Magic:  56/56      EV: 14    Int: 45    God:    Vehumet [******]
Gold:   6226       SH: 35    Dex: 13    Spells: 25/80 levels left

rFire    + . .     SeeInvis +   B - staff of fire
rCold    + + +     Gourm    .   C - +8 large shield
rNeg     + . .     Faith    .   O - +13 chain mail of Ruzimnox {Str+2 Int+4}
rPois    .         Spirit   .   f - +2 helmet {Int+3}
rElec    +         Reflect  +   i - +1 cloak of Starlight {rElec rC+ EV+4 Stlth--}
rCorr    .         Harm     .   S - +4 pair of gloves "Ashrow" {rN+ Int+4}
MR       +++++     Rnd*Rage +   u - +2 pair of boots {run}
Stlth    ..........             a - brooch of Shielding {Reflect SH+8}
HPRegen  0.38/turn              P - ring of the Mage {Wiz MR++ Int+3}
MPRegen  0.35/turn              c - ring of Reimbursement {rElec rC+++ SInv}

@: very slightly contaminated, quick
A: talons 1, berserk 1, clumsy 1, magic resistance 3
0: Orb of Zot
}: 4/15 runes: serpentine, barnacled, slimy, silver
a: Renounce Religion


You escaped.
You worshipped Vehumet.
Vehumet was exalted by your worship.
You were very full.

You visited 11 branches of the dungeon, and saw 57 of its levels.
You visited 2 bazaars.
You visited 1 ziggurat, and saw 9 of its levels.
You also visited: Trove, Bailey, Gauntlet, Ice Cave and Desolation.

You collected 13065 gold pieces.
You spent 6839 gold pieces at shops.

Inventory:

Missiles
 F - 10 throwing nets (quivered)
Armour
 f - a +2 helmet of intelligence (worn)
   (You bought it in a shop in a bazaar)
 i - the +1 cloak of Starlight (worn) {rElec rC+ EV+4 Stlth--}
   (You bought it in a shop on level 2 of the Elven Halls)

   It affects your evasion (+4).
   It protects you from cold.
   It insulates you from electricity.
   It makes you much less stealthy.
 u - a +2 pair of boots of running (worn)
   (You found it on level 4 of a ziggurat)
 C - a +8 large shield (worn)
   (You took it off a naga warrior on level 1 of the Snake Pit)
 O - the +13 chain mail of Ruzimnox (worn) {Str+2 Int+4}
   (You found it in a treasure trove)

   It affects your strength (+2).
   It affects your intelligence (+4).
 S - the +4 pair of gloves "Ashrow" (worn) {rN+ Int+4}
   (You found it on level 5 of the Vaults)

   It affects your intelligence (+4).
   It protects you from negative energy.
Magical Staves
 g - an uncursed staff of conjuration
   (You took it off a minotaur in a Gauntlet)
 B - an uncursed staff of fire (weapon)
   (You found it on level 3 of the Elven Halls)
Jewellery
 a - the brooch of Shielding (around neck) {Reflect SH+8}
   (You bought it in a shop in a bazaar)

   [amulet of reflection]

   It shields you and reflects attacks.
   It affects your SH (+8).
 c - the ring of Reimbursement (right hand) {rElec rC+++ SInv}
   (You found it on level 3 of the Crypt)

   [ring of see invisible]

   It renders you almost immune to cold.
   It insulates you from electricity.
   It lets you see invisible.
 j - an uncursed ring of fire
   (You found it on level 5 of the Pits of Slime)
 m - an uncursed ring of protection from magic
   (You took it off a draconian annihilator on level 5 of the Depths)
 o - the ring "Qenkuamo" {rPois rC+ rN+ Str-2}
   (You found it on level 3 of the Elven Halls)

   [ring of protection from cold]

   It affects your strength (-2).
   It protects you from cold.
   It protects you from poison.
   It protects you from negative energy.
 p - the ring of Qafe {rElec rF+ rC+ Str+2}
   (You found it on level 12 of the Dungeon)

   [ring of protection from cold]

   It affects your strength (+2).
   It protects you from fire.
   It protects you from cold.
   It insulates you from electricity.
 P - the ring of the Mage (left hand) {Wiz MR++ Int+3}
   (You found it on level 5 of the Pits of Slime)

   [ring of wizardry]

   It improves your spell success rate.
   It affects your intelligence (+3).
   It affects your resistance to hostile enchantments.
Wands
 l - a wand of clouds (10)
   (You found it on level 11 of the Dungeon)
 v - a wand of digging (6)
   (You found it on level 4 of the Lair of Beasts)
 y - a wand of enslavement (8)
   (You found it on level 3 of the Depths)
 A - a wand of iceblast (52)
   (You found it on level 14 of the Dungeon)
 D - a wand of acid (34)
   (You found it on level 2 of the Dungeon)
 I - a wand of paralysis (37)
   (You took it off an orc on level 11 of the Dungeon)
Scrolls
 b - 11 scrolls of immolation
 r - 11 scrolls of identify
 t - 25 scrolls of teleportation
 z - 4 scrolls of blinking
 H - 4 scrolls of holy word
 L - a scroll of fog
 Q - 13 scrolls of fear
 W - 14 scrolls of remove curse
 Z - 2 scrolls of summoning
Potions
 d - 9 potions of might
 h - 13 potions of haste
 q - 16 potions of curing
 s - 5 potions of agility
 w - 11 potions of heal wounds
 J - 3 potions of ambrosia
 K - 6 potions of brilliance
 M - 3 potions of magic
 N - 10 potions of flight
 R - 4 potions of berserk rage
 V - 2 potions of invisibility
 X - 5 potions of resistance
 Y - 9 potions of mutation
Miscellaneous
 G - a lamp of fire
   (You found it on level 11 of the Dungeon)
Comestibles
 e - 46 rations


   Skills:
 + Level 17.5 Fighting
   Level 0.3 Short Blades
   Level 0.2 Maces & Flails
   Level 2.2 Slings
 - Level 0.4(1.7) Throwing
 + Level 14.7 Armour
 + Level 19.0 Dodging
 - Level 2.4 Stealth
 + Level 17.5 Shields
 - Level 0.2 Unarmed Combat
 O Level 27 Spellcasting
 - Level 17.0 Conjurations
 - Level 7.0 Charms
 - Level 5.0 Translocations
 - Level 6.0 Transmutations
 + Level 25.4 Fire Magic
 - Level 5.0 Air Magic
 - Level 5.1 Evocations


You had 25 spell levels left.
You knew the following spells:

 Your Spells              Type           Power        Failure   Level  Hunger
a - Starburst             Conj/Fire      #########.   1%          6    None
b - Irradiate             Conj/Tmut      ########..   1%          5    None
c - Orb of Destruction    Conj           ########..   1%          7    None
d - Fireball              Conj/Fire      #########.   1%          5    None
e - Ignition              Fire           #########.   1%          8    None
f - Fire Storm            Conj/Fire      #########.   19%         9    None
g - Hailstorm             Conj/Ice       #######.     1%          4    None
h - Foxfire               Conj/Fire      ####         0%          1    None
i - Deflect Missiles      Chrm/Air       #######...   50%         6    None
j - Passage of Golubria   Tloc           N/A          6%          4    None

Your spell library contained the following spells:

 Spells                   Type           Power        Failure   Level  Hunger
 Chain Lightning          Conj/Air       ########..   56%         8    None
 Lehudib's Crystal Spear  Conj/Erth      #######...   86%         8    None
 Magic Dart               Conj           ####         0%          1    None
 Conjure Flame            Conj/Fire      ########     0%          3    None
 Sticky Flame             Conj/Fire      ########     0%          4    None
 Apportation              Tloc           ######       1%          1    None
 Beastly Appendage        Tmut           ######       1%          1    None
 Freeze                   Ice            ####         1%          1    None
 Infusion                 Chrm           ####         1%          1    None
 Sandblast                Erth           ######       1%          1    None
 Shock                    Conj/Air       ####         1%          1    None
 Sting                    Tmut/Pois      ####         1%          1    None
 Blink                    Tloc           N/A          1%          2    None
 Passwall                 Tmut/Erth      ######..     1%          2    None
 Shroud of Golubria       Chrm/Tloc      ######       1%          2    None
 Song of Slaying          Chrm           #######.     1%          2    None
 Sticks to Snakes         Tmut           #######.     1%          2    None
 Swiftness                Chrm/Air       #######.     1%          2    None
 Dazzling Flash           Conj/Hex       ######       1%          3    None
 Gell's Gravitas          Tloc           #######...   1%          3    None
 Ignite Poison            Fire/Tmut/Pois ########     1%          3    None
 Inner Flame              Hex/Fire       ########     1%          3    None
 Lesser Beckoning         Tloc           #######...   1%          3    None
 Mephitic Cloud           Conj/Pois/Air  #######.     1%          3    None
 Static Discharge         Conj/Air       ########     1%          3    None
 Stone Arrow              Conj/Erth      ######       1%          3    None
 Airstrike                Air            #######...   1%          4    None
 Lightning Bolt           Conj/Air       ########..   1%          5    None
 Corpse Rot               Necr/Air       N/A          2%          2    None
 Poisonous Vapours        Pois/Air       ######       2%          2    None
 Ozocubu's Armour         Chrm/Ice       #######.     3%          3    None
 Spectral Weapon          Hex/Chrm       #######.     3%          3    None
 Animate Skeleton         Necr           N/A          4%          1    None
 Corona                   Hex            ######.      4%          1    None
 Summon Butterflies       Summ           ######..     4%          1    None
 Summon Small Mammal      Summ           ####         4%          1    None
 Portal Projectile        Hex/Tloc       ######       4%          3    None
 Recall                   Summ/Tloc      N/A          4%          3    None
 Spider Form              Tmut/Pois      ######....   4%          3    None
 Ring of Flames           Chrm/Fire      ########..   4%          7    None
 Call Imp                 Summ           ######..     7%          2    None
 Ensorcelled Hibernation  Hex/Ice        ######       7%          2    None
 Slow                     Hex            ######..     7%          2    None
 Blade Hands              Tmut           #######...   11%         5    None
 Ice Form                 Ice/Tmut       ######..     13%         4    None
 Olgreb's Toxic Radiance  Pois           ######..     13%         4    None
 Petrify                  Tmut/Erth      ######..     13%         4    None
 Call Canine Familiar     Summ           ######..     14%         3    None
 Confusing Touch          Hex            ######..     14%         3    None
 Summon Guardian Golem    Hex/Summ       ######..     14%         3    None
 Tukima's Dance           Hex            ######..     14%         3    None
 Summon Lightning Spire   Summ/Air       ######..     16%         4    None
 Spellforged Servitor     Conj/Summ      #######...   28%         7    None
 Lee's Rapid Deconstruct  Erth           ######....   30%         5    None
 Alistair's Intoxication  Tmut/Pois      ######..     34%         5    None
 Summon Ice Beast         Ice/Summ       ######..     41%         4    None
 Summon Forest            Summ/Tloc      ######....   41%         5    None
 Hydra Form               Tmut           #######...   50%         6    None
 Dispersal                Tloc           #######...   63%         6    None
 Agony                    Necr           ######..     75%         5    None
 Borgnjor's Vile Clutch   Necr/Erth      ######....   75%         5    None
 Metabolic Englaciation   Hex/Ice        ######....   75%         5    None
 Summon Mana Viper        Hex/Summ       ######..     75%         5    None
 Ozocubu's Refrigeration  Ice            ######....   78%         6    None
 Eringya's Noxious Bog    Tmut/Pois      ######....   87%         6    None
 Darkness                 Hex            ######....   99%         6    None
 Death Channel            Necr           ######....   99%         6    None
 Invisibility             Hex            ######..     99%         6    None
 Simulacrum               Ice/Necr       ######....   99%         6    None
 Summon Hydra             Summ           ######....   100%        7    None
 Borgnjor's Revivificati  Necr           ######....   100%        8    None
 Controlled Blink         Tloc           N/A          100%        8    None
 Disjunction              Tloc           #######...   100%        8    None
 Shatter                  Erth           ######....   100%        9    None
 Tornado                  Air            #######...   100%        9    None


Dungeon Overview and Level Annotations

Branches:
Dungeon (15/15)            Temple (0/1) D:5            Lair (6/6) D:10
 Shoals (4/4) Lair:3        Snake (4/4) Lair:3        Slime (5/5) Lair:6
    Orc (2/2) D:10            Elf (3/3) Orc:2        Vaults (5/5) D:13
  Crypt (3/3) Vaults:2       Tomb (0/3) Crypt:3      Depths (5/5) D:15
    Zot (5/5) Depths:5     Bailey (visited)           IceCv (visited)
Desolation (visited)      Gauntlet (visited)

Altars:
Ashenzari
Gozag
Hepliaklqana
Kikubaaqudgha
Nemelex Xobeh
Okawaru
Sif Muna
Vehumet
Yredelemnul
The Shining One
Beogh
Jiyva
Lugonu

Shops:
D:12 (   D:15 !   Orc:2 !**}   Elf:2 :?[}(   Elf:3 [   Snake:1 !%
Snake:4 }![(%   Vaults:3 !   Vaults:4 ?

Portals:
Hell: Depths:1 Depths:2 Depths:3 Depths:4 Depths:5
Abyss: Depths:1 Depths:2 Depths:4
Pandemonium: Depths:3

Annotations:
D:3 1 runed translucent door, Crazy Yiuf
D:8 Maggie
D:12 Xogiet's ghost, journeyman GrGl
Snake:4 2 transporters, mopl's ghost, journeyman DrSu
Elf:2 3 runed translucent doors


Innate Abilities, Weirdness & Mutations

You have sharp toenails.
You tend to lose your temper in combat.
You are clumsy. (Dex -2)
You are extremely resistant to the effects of hostile enchantments. (MR+++)


Message History

Where to? (Enter - D:1 @ (x,y), ? - help)
Your magical contamination has completely faded away.
There is a stone staircase leading up, spattered with blood here.
You climb upwards.
There is a stone staircase leading down here.
There is a stone staircase leading up here.
You climb upwards.
There is a stone staircase leading down here.
Things that are here:
a +0 flail; a +0 leather armour
Things that are here:
a +0 leather armour; 3 boomerangs; a cursed -1 falchion You see here a +0 ring mail.
There is an open door here.
There is an open door here.
You see here a flail.
There is a stone staircase leading up here.
You climb upwards.
Level annotation: Maggie
There is a stone staircase leading down here.
The leopard gecko is too close now for your liking.
The leopard gecko hisses angrily.
You block the leopard gecko's attack. The leopard gecko closely misses you.
Evoke which item? (* to show all) (? for menu, Esc to quit)
Aiming: Dig
Press: ? - help, Shift-Dir - straight line A rock wall.
This square is covered in magical glow.
The rock shatters into small pieces.
You block the leopard gecko's attack.
You block the leopard gecko's attack. x2
There is a stone staircase leading up here.
You block the leopard gecko's attack.
You climb upwards.
There is a stone staircase leading down here.
You block the leopard gecko's attack.
A red devil, a balrug and 2 sun demons come into view.
The balrug shouts!
The sun demon shouts! x2
A sun demon comes into view.
You see here 18 bolts.
There is a stone staircase leading up here.
You block the leopard gecko's attack. x2
You climb upwards.
There is a stone staircase leading down here.
You closely miss the leopard gecko. You block the leopard gecko's attack.
You hit the leopard gecko. You burn the leopard gecko!!
You kill the leopard gecko!
Vehumet accepts your kill.
(D) Dungeon (T) Temple (L) Lair (A) Shoals (P) Snake Pit (M) Slime Pits (O) Orcish Mines (E) Elven Halls (V) Vaults (C) Crypt (W) Tomb (U) Depths (H) Hell (Z) Zot
Where to? (Enter - D:1 @ (x,y), ? - help)
What level of the Dungeon? (default 1, ? - help)
Things that are here:
a +0 giant club; a +0 robe; a +2 whip of flaming You see here a +0 club.
There is a stone staircase leading up, spattered with blood here.
You climb upwards.
There is a stone staircase leading down here.
There is an escape hatch in the ceiling here.
You see here 4 stones.
A mysterious force pulls you upwards. The hatch slams shut behind you.
A great orb of eyes comes into view.
You block the great orb of eyes's attack.
Casting: Orb of Destruction (safe; 1% risk of failure)
Confirm with . or Enter, or press ? or * to list all spells.
You erupt in a fountain of uncontrolled magic!
The great orb of eyes is blasted with magical radiation!!!
The great orb of eyes is severely wounded.
The great orb of eyes twists and deforms.
You are very lightly contaminated with residual magic.
You block the great orb of eyes's attack.
Casting: Irradiate (safe; 1% risk of failure)
Confirm with . or Enter, or press ? or * to list all spells.
You feel a surge of power!
The bolt of fire hits the great orb of eyes!!!!
You kill the great orb of eyes!
Vehumet accepts your kill.
You feel your power returning.
There is a stone staircase leading up here.
You see here 4 stones.
(D) Dungeon (T) Temple (L) Lair (A) Shoals (P) Snake Pit (M) Slime Pits (O) Orcish Mines (E) Elven Halls (V) Vaults (C) Crypt (W) Tomb (U) Depths (H) Hell (Z) Zot
Where to? (Enter - D:1 @ (x,y), ? - help)
You climb upwards.
Level annotation: 1 runed translucent door, Crazy Yiuf
There is a stone staircase leading down here.
Magic restored.
There is a stone staircase leading up here.
You climb upwards.
There is a stone staircase leading down here.
You see here a pair of boots.
You see here 16 stones.
There is a stone staircase leading up here.
You climb upwards.
There is a stone staircase leading down here.
There is a staircase leading out of the dungeon here.
You have escaped!

#.....>....# #.#
####.......##############.#######
#####.#....[....)..##.........
#.#.......(.....#..#######
#.#...♣♣♣♣♣♣♣♣♣.#..#
#.##.♣..PP.(PP♣÷#.)# #
#.##.♣...P..PP♣.#..## #
#.##.♣P...PP..♣.#...# #
#.##.♣PP.@.P..♣.#...# ## #
#....♣..P...PP♣.#.#.#####.
########....♣..PP...P♣...........
#...........♣PP..P...♣.#...#####.
#.######.>..♣PP..PP..♣....[......
#.# ###..(.♣♣♣♣♣♣♣♣♣......#####.
#.# #..................#..# ##
#.# #.#.......#####.####..# #.#
#.#................#..#


There were no monsters in sight!

Vanquished Creatures
  the Royal Jelly (Slime:5)
  Mennas (Depths:5)
  5 orbs of fire (Zot:5)
  4 ancient liches
  3 juggernauts
  4 Killer Klowns (Zot:5)
  Bai Suzhen (Crypt:2)
  Xtahua (Crypt:1)
  4 curse toes
  4 caustic shrikes
  Saint Roka (Crypt:1)
  Nikola (Snake:1)
  7 golden dragons
  3 bone dragons
  2 electric golems (Zot:5)
  15 tentacled monstrosities
  8 titans
  27 Orb Guardians
  Jorgrun (Orc:2)
  6 liches
  2 deep elf blademasters (Elf:3)
  A deep elf master archer (Elf:3)
  34 acid blobs
  2 Executioners
  Polyphemus (Shoals:2)
  7 quicksilver dragons
  Agnes (Elf:1)
  2 death cobs
  2 tentacled starspawn (Zig:6)
  11 sphinxes
  9 ancient champions
  8 shadow dragons
  Kirke (Shoals:2)
  Frances (Shoals:2)
  2 draconian monks
  10 tengu reavers
  A shadow dragon (shapeshifter) (Depths:3)
  10 storm dragons
  Donald (Elf:3)
  9 azure jellies
  9 nagarajas (Snake:4)
  6 revenants
  15 fire giants
  11 deep elf sorcerers
  12 frost giants
  19 vault wardens
  3 orc warlords
  3 draconian knights
  A ghost moth (Zot:5)
  2 iron dragons
  4 deep elf elementalists
  14 ghouls
  A balrug (Depths:3)
  3 curse skulls
  2 draconian scorchers
  2 draconian shifters
  5 draconian stormcallers
  17 stone giants
  A draconian annihilator (Depths:5)
  3 war gargoyles (Vaults:5)
  14 ironheart preservers
  A caustic shrike skeleton (Crypt:1)
  A reaper (Depths:1)
  A spriggan defender (Depths:3)
  11 very ugly things
  10 green draconians
  12 vampire knights
  A purple draconian (Zot:5)
  An entropy weaver (Vaults:3)
  7 black draconians
  9 deep elf demonologists
  5 white draconians
  9 deep elf annihilators
  A spark wasp (Depths:2)
  6 yellow draconians
  A minotaur (Gauntlet)
  2 red draconians
  10 ettins
  9 merfolk impalers
  4 eidola
  A merfolk javelineer (Shoals:4)
  Snorg (Lair:5)
  6 death oozes (Slime:5)
  Josephine (Orc:2)
  A blizzard demon (Depths:3)
  22 yaktaur captains
  19 jiangshi
  10 deep elf high priests
  13 fire dragons
  29 vault guards
  A ragged hierophant (Desolation)
  7 deep elf death magi
  A servant of whispers (Desolation)
  14 naga warriors
  7 hydras
  20 great orbs of eyes
  13 anacondas
  4 catoblepae
  4 rakshasas
  6 spriggan air magi
  2 death knights
  23 ice dragons
  7 centaur warriors
  4 merfolk avatars
  14 ogre magi
  9 deep troll shamans
  14 death yaks
  10 vampire magi
  4 merfolk aquamancers
  26 two-headed ogres
  14 dancing weapons
  16 tengu warriors
  8 deep troll earth magi
  Urug (D:11)
  14 naga sharpshooters
  5 orc high priests
  3 shock serpents
  2 storm dragon zombies
  6 soul eaters
  14 spriggan berserkers
  21 deep elf knights
  6 large abominations
  A titan skeleton (Crypt:2)
  3 sun demons (Depths:3)
  An anaconda zombie (Crypt:3)
  2 golden dragon zombies
  40 skeletal warriors
  A spatial maelstrom (Zig:2)
  2 salamander mystics (Snake:4)
  3 iron trolls
  6 hell knights
  11 shadow wraiths
  5 unseen horrors (Depths:4)
  8 glowing orange brains
  2 quicksilver dragon simulacra (Depths:3)
  27 deep trolls
  A deep troll (shapeshifter) (Depths:4)
  2 starcursed masses (Zig:6)
  13 sea snakes
  10 flayed ghosts
  A golden dragon skeleton (Crypt:3)
  9 naga ritualists
  An orange crystal statue (Zot:5)
  14 deep elf archers
  2 shadow dragon zombies
  17 phantasmal warriors
  A tengu zombie (Vaults:3)
  An iron giant skeleton (Crypt:2)
  A lindwurm (shapeshifter) (Depths:2)
  2 unseen horrors (shapeshifter)
  6 wizards
  12 ironbrand convokers
  Pikel (D:6)
  21 harpies
  An iron dragon zombie (Depths:2)
  A shadow dragon skeleton (Crypt:2)
  7 orc sorcerers
  31 ugly things
  17 orc knights
  3 shining eyes
  13 mana vipers
  An orb spider (shapeshifter) (Vaults:4)
  3 wolf spiders
  57 deep elf magi
  13 necromancers
  2 fire giant zombies
  An oklob plant (Lair:6)
  15 cyclopes
  6 fauns (Shoals:3)
  A frost giant zombie (Depths:3)
  15 manticores
  A cyclops (shapeshifter) (Elf:2)
  10 merfolk sirens
  6 salamanders
  An iron dragon skeleton (Zig:4)
  2 stone giant skeletons
  12 moths of wrath
  8 water nymphs
  Psyche (D:11)
  17 guardian serpents
  19 naga magi
  A black mamba (shapeshifter) (Vaults:5)
  Maurice (Orc:2)
  A fire giant skeleton (Vaults:5)
  9 elephants (Lair:6)
  An elephant (shapeshifter) (Vaults:5)
  A torpor snail (Lair:6)
  17 vault sentinels
  2 spiny frogs (shapeshifter)
  4 eyes of devastation
  An elephant slug zombie (Crypt:2)
  An alligator snapping turtle zombie (Crypt:3)
  2 human skeletons (Vaults:5)
  31 black mambas
  8 rust devils (Depths:3)
  9 spiny frogs
  2 gargoyles
  A smoke demon (Zig:2)
  2 black draconian zombies (Crypt:3)
  2 ice statues
  A death yak zombie (Crypt:3)
  A human zombie (Vaults:3)
  3 komodo dragons
  An efreet (Depths:3)
  2 kobold demonologists (D:15)
  A swamp worm zombie (Crypt:3)
  An anaconda simulacrum (Crypt:1)
  51 yaktaurs
  2 rime drakes
  A komodo dragon (shapeshifter) (Vaults:4)
  A white draconian skeleton (Crypt:1)
  4 ice devils (Depths:3)
  10 freezing wraiths
  A minotaur skeleton (Crypt:2)
  A golden dragon simulacrum (Crypt:1)
  3 red devils (Depths:3)
  A meliai (shapeshifter) (Elf:1)
  3 polar bears (shapeshifter)
  13 trolls
  A hydra zombie (Crypt:1)
  5 tengu conjurers (Depths:3)
  38 merfolk
  A jumping spider (shapeshifter) (Vaults:1)
  A merfolk (shapeshifter) (Vaults:5)
  Prince Ribbit (D:7)
  6 meliai (D:15)
  A wind drake (shapeshifter) (Vaults:4)
  A hornet (shapeshifter) (Depths:1)
  11 polar bears
  16 saltlings (Desolation)
  6 hornets
  6 bog bodies
  15 hippogriffs
  A hippogriff (shapeshifter) (Depths:2)
  56 slime creatures
  6 wind drakes
  A jumping spider zombie (Crypt:3)
  6 snapping turtles
  A raiju (shapeshifter) (Vaults:4)
  3 dream sheep (Shoals:4)
  3 ettin zombies
  A fire dragon zombie (Crypt:2)
  An alligator zombie (Crypt:1)
  2 human simulacra
  3 stone giant simulacra
  6 flying skulls
  2 vampires (Crypt:3)
  An ettin skeleton (Crypt:3)
  3 spriggans
  20 water elementals
  4 wyverns
  4 air elementals
  8 shadows
  2 redbacks (shapeshifter)
  A human (shapeshifter) (Vaults:3)
  57 yaks
  3 fire elementals
  6 small abominations
  A human (Shoals:2)
  5 chaos spawn
  A steam dragon (D:13)
  14 wraiths
  16 golden eyes
  An elf zombie (Vaults:5)
  4 basilisks
  2 elf skeletons
  A hog (Shoals:2)
  11 wargs
  Menkaure (D:5)
  4 hungry ghosts
  3 two-headed ogre zombies (D:10)
  3 acid dragons
  64 nagas
  A deep troll zombie (Vaults:3)
  A naga (shapeshifter) (Depths:1)
  A water moccasin (shapeshifter) (Vaults:2)
  3 hell hounds (Depths:3)
  11 water moccasins
  A faun skeleton (Crypt:1)
  A floating eye (Slime:4)
  13 porcupines
  3 ettin simulacra (Depths:3)
  4 sky beasts
  68 orc warriors
  4 eyes of draining
  A hornet zombie (D:8)
  2 ice beasts
  32 ogres
  A lindwurm zombie (Crypt:3)
  A phantom (D:12)
  4 slaves (D:6)
  3 boggarts (Depths:1)
  A black bear (Lair:2)
  7 necrophages
  A swamp dragon zombie (Crypt:1)
  A tengu (shapeshifter) (Depths:4)
  11 wolves (IceCv)
  19 centaurs
  A swamp dragon skeleton (Crypt:3)
  A dream sheep skeleton (Crypt:2)
  10 crocodiles
  4 big kobolds
  A salamander zombie (Crypt:2)
  5 earth elementals
  A glowing shapeshifter simulacrum (Vaults:5)
  17 bullfrogs
  A spiny frog simulacrum (Crypt:1)
  A deep troll simulacrum (Vaults:3)
  9 scorpions
  10 killer bees
  A spriggan zombie (Crypt:3)
  14 wights
  A raiju skeleton (Crypt:1)
  2 electric eels (Lair:1)
  6 howler monkeys
  A wolf zombie (Crypt:1)
  6 crimson imps
  2 centaur zombies
  34 orc priests
  12 hounds
  5 jellies
  A gnoll shaman (D:5)
  A bullfrog skeleton (D:5)
  2 centaur skeletons
  An iron imp (Depths:5)
  An iguana (D:4)
  27 orc wizards
  9 worker ants
  A sky beast zombie (Crypt:2)
  5 ogre zombies (D:10)
  A hound zombie (D:5)
  A demigod skeleton (Crypt:2)
  2 hound skeletons
  A worker ant zombie (D:11)
  14 gnolls
  A river rat (shapeshifter) (Vaults:1)
  14 adders
  2 howler monkey skeletons (D:7)
  2 shadow imps
  An ooze (D:3)
  3 worms
  A dart slug (D:1)
  A lava snake skeleton (Crypt:2)
  5 leopard geckos
  159 orcs
  7 giant cockroaches
  25 goblins
  22 hobgoblins
  10 jackals
  4 quokkas
  11 ball pythons
  10 bats
  3 frilled lizards
  A gnoll skeleton (Crypt:1)
  A goblin skeleton (D:10)
  4 goblin zombies (D:10)
  3 hobgoblin skeletons (D:10)
  A hobgoblin zombie (D:10)
  24 kobolds
  A kobold skeleton (Crypt:1)
  A kobold zombie (Crypt:2)
  2 leopard gecko zombies
  2 orc skeletons (D:10)
  14 orc zombies (D:10)
  7 rats
  2 bushes (Shoals:3)
  2 crawling corpses (Vaults:5)
  3 fungi
  30 plants
  4 starspawn tentacles (Zig:6)
2784 creatures vanquished.

Vanquished Creatures (collateral kills)
  A spiny frog (Lair:3)
  5 polar bears
  3 yaks
  A centaur skeleton (D:11)
  A hobgoblin (Bailey)
  2 kobolds (D:13)
  A fungus (Lair:6)
14 creatures vanquished.

Vanquished Creatures (others)
  A deep elf master archer (Elf:3)
  A stone giant (Vaults:2)
  4 yaktaur captains
  A centaur warrior (Vaults:2)
  2 satyrs (Shoals:3)
  A tengu warrior (Depths:3)
  A deep elf knight (Elf:1)
  A deep elf archer (Vaults:5)
  A cyclops (Shoals:3)
  A black mamba (Snake:3)
  6 yaktaurs
  A merfolk (Shoals:2)
  A human (Shoals:2)
  An ettin simulacrum (Depths:3)
  A centaur (Shoals:3)
  A bush (Lair:6)
  1866 foxfires
  16 fungi
  52 plants
1959 creatures vanquished.

Grand Total: 4757 creatures vanquished

Notes
Turn   | Place    | Note
-------+----------+-------------------------------------------
     0 | D:1      | SludgeElvesOrGTFO the Deep Elf Fire Elementalist began the
                  | quest for the Orb.
     0 | D:1      | Reached XP level 1. HP: 10/10 MP: 6/6
   240 | D:1      | Reached XP level 2. HP: 7/15 MP: 0/8
   488 | D:1      | Reached skill level 4 in Fire Magic
  1240 | D:2      | Reached XP level 3. HP: 19/19 MP: 6/9
  1386 | D:2      | Reached skill level 2 in Conjurations
  1461 | D:2      | Learned a level 3 spell: Conjure Flame
  1810 | D:2      | Reached XP level 4. HP: 24/24 MP: 7/10
  1848 | D:2      | Learned a level 4 spell: Sticky Flame
  2050 | D:2      | Reached skill level 3 in Conjurations
  2090 | D:2      | Reached skill level 5 in Fire Magic
  2953 | D:3      | Reached XP level 5. HP: 28/28 MP: 8/11
  3209 | D:3      | Found a runed translucent door.
  3210 | D:3      | Noticed Crazy Yiuf
  3425 | D:3      | Reached skill level 4 in Conjurations
  4092 | D:4      | Found an iron altar of Okawaru.
  4106 | D:4      | Noticed a hungry ghost
  4115 | D:4      | Killed a hungry ghost
  4115 | D:4      | Reached skill level 6 in Fire Magic
  4115 | D:4      | Reached XP level 6. HP: 32/32 MP: 8/12
  4280 | D:4      | Found a radiant altar of Vehumet.
  4311 | D:4      | Became a worshipper of Vehumet
  4627 | D:4      | Reached skill level 5 in Conjurations
  4659 | D:4      | Reached skill level 1 in Fighting
  4979 | D:5      | Entered Level 5 of the Dungeon
  5061 | D:5      | Reached skill level 4 in Spellcasting
  5061 | D:5      | Reached XP level 7. HP: 38/38 MP: 7/15
  5156 | D:5      | Learned a level 5 spell: Fireball
  5386 | D:5      | Noticed Menkaure
  5422 | D:5      | Killed Menkaure
  5681 | D:5      | Found a staircase to the Ecumenical Temple.
  5709 | D:5      | Reached skill level 6 in Conjurations
  5866 | D:5      | Reached skill level 2 in Fighting
  5866 | D:5      | Reached skill level 5 in Spellcasting
  6146 | D:5      | Reached skill level 3 in Fighting
  6687 | D:5      | Found a shattered altar of Ashenzari.
  6687 | D:5      | Found a glowing golden altar of the Shining One.
  7330 | D:5      | Reached XP level 8. HP: 46/46 MP: 10/17
  7890 | D:6      | Found a glowing drain.
  7919 | D:6      | Reached skill level 1 in Slings
  7935 | D:6      | Reached * piety under Vehumet
  7935 | D:6      | Offered knowledge of Magic Dart by Vehumet.
  7937 | D:6      | Reached skill level 1 in Evocations
  7978 | D:5      | Reached skill level 2 in Slings
  8083 | D:6      | Noticed Pikel
  8093 | D:6      | Killed Pikel
  8093 | D:6      | Reached skill level 3 in Dodging
  8107 | D:6      | Noticed a hippogriff
  8512 | D:6      | Killed a hippogriff
  8512 | D:6      | Reached skill level 6 in Spellcasting
  8651 | D:6      | Reached skill level 4 in Dodging
  8923 | D:6      | Reached skill level 4 in Fighting
  9308 | D:6      | Reached XP level 9. HP: 52/52 MP: 15/20
  9310 | D:6      | Reached skill level 7 in Fire Magic
  9352 | D:6      | Reached skill level 7 in Conjurations
  9671 | D:6      | Reached skill level 5 in Dodging
  9977 | D:7      | Learned a level 1 spell: Animate Skeleton
 10141 | D:7      | Offered knowledge of Searing Ray by Vehumet.
 10194 | D:6      | Learned a level 2 spell: Searing Ray
 10244 | D:7      | Reached ** piety under Vehumet
 10654 | D:7      | Noticed Prince Ribbit
 10668 | D:7      | Killed Prince Ribbit
 10668 | D:7      | Reached skill level 8 in Conjurations
 10668 | D:7      | Reached skill level 8 in Fire Magic
 11107 | D:7      | Reached skill level 7 in Spellcasting
 11563 | D:8      | Reached skill level 8 in Spellcasting
 11609 | D:8      | Noticed Maggie
 12312 | D:8      | Found a transporter.
 12312 | D:8      | Noticed a cyan ugly thing
 12409 | D:9      | Reached skill level 6 in Dodging
 12420 | D:9      | Reached XP level 10. HP: 49/58 MP: 5/24
 12825 | D:9      | Found a sparkling altar of Nemelex Xobeh.
 12963 | D:9      | Reached skill level 5 in Fighting
 13381 | D:9      | Offered knowledge of Dazzling Flash by Vehumet.
 13628 | D:10     | Entered Level 10 of the Dungeon
 13659 | D:10     | Reached skill level 7 in Dodging
 13792 | D:10     | Found a shattered altar of Ashenzari.
 14203 | D:10     | Reached *** piety under Vehumet
 14657 | D:10     | Reached skill level 8 in Dodging
 14874 | D:10     | Found a staircase to the Orcish Mines.
 14888 | D:10     | Reached skill level 6 in Fighting
 15164 | D:10     | Offered knowledge of Hailstorm by Vehumet.
 15292 | D:10     | Reached skill level 9 in Dodging
 15459 | D:10     | Found a staircase to the Lair.
 15654 | Lair:1   | Entered Level 1 of the Lair of Beasts
 15654 | Lair:1   | Noticed a spiny frog
 15664 | D:10     | Killed a spiny frog
 15835 | D:10     | Learned a level 4 spell: Hailstorm
 15856 | Lair:1   | Reached skill level 10 in Dodging
 15990 | Lair:1   | Noticed a spiny frog
 15998 | Lair:1   | Killed a spiny frog
 16053 | Lair:1   | Reached **** piety under Vehumet
 16059 | Lair:1   | Reached XP level 11. HP: 51/65 MP: 7/25
 16645 | Lair:1   | Reached skill level 9 in Spellcasting
 17235 | Lair:2   | Offered knowledge of Iskenderun's Battlesphere by Vehumet.
 17242 | Lair:2   | Learned a level 5 spell: Iskenderun's Battlesphere
 17385 | Lair:2   | Reached skill level 11 in Dodging
 17736 | Lair:2   | Reached skill level 1 in Charms
 17953 | Lair:2   | Reached skill level 7 in Fighting
 18456 | Lair:3   | Noticed a death yak
 18457 | Lair:3   | Noticed a death yak
 18458 | Lair:3   | Noticed a death yak
 18473 | Lair:3   | Reached skill level 10 in Spellcasting
 19056 | Lair:3   | Reached skill level 12 in Dodging
 19176 | Lair:3   | Found a staircase to the Snake Pit.
 19181 | Lair:3   | Noticed a five-headed hydra
 19190 | Lair:3   | Killed a five-headed hydra
 19363 | Lair:3   | Found a staircase to the Shoals.
 19946 | Lair:3   | Killed a death yak
 19946 | Lair:3   | Reached skill level 11 in Spellcasting
 19946 | Lair:3   | Reached XP level 12. HP: 73/73 MP: 13/29
 19970 | Lair:3   | Killed a death yak
 20061 | Lair:3   | Reached skill level 8 in Fighting
 20065 | Lair:3   | Reached skill level 13 in Dodging
 20292 | Lair:3   | Got an ichor-stained leather armour
 20303 | Lair:3   | Identified the cursed +0 leather armour of Esuarru {Str+3}
                  | (You found it on level 3 of the Lair of Beasts)
 20825 | Lair:4   | Reached skill level 2 in Evocations
 20828 | Lair:4   | Reached skill level 1 in Shields
 21281 | Lair:4   | Reached skill level 3 in Evocations
 21496 | Lair:4   | Reached skill level 2 in Shields
 22310 | Lair:5   | Noticed Snorg
 22329 | Lair:5   | Killed Snorg
 22329 | Lair:5   | Reached skill level 12 in Spellcasting
 22329 | Lair:5   | Reached skill level 4 in Evocations
 23057 | Lair:6   | Entered Level 6 of the Lair of Beasts
 23057 | Lair:6   | Found a staircase to the Slime Pits.
 23057 | Lair:6   | Found a viscous altar of Jiyva.
 23225 | Lair:6   | Reached skill level 3 in Shields
 23339 | Lair:6   | Noticed a catoblepas
 23360 | Lair:6   | Killed a catoblepas
 23360 | Lair:6   | Reached skill level 5 in Evocations
 23513 | Lair:6   | Reached skill level 4 in Shields
 23681 | Lair:6   | Reached skill level 1 in Armour
 24075 | Lair:6   | Reached skill level 2 in Armour
 24173 | Lair:6   | Noticed a four-headed hydra
 24187 | Lair:6   | Killed a four-headed hydra
 24187 | Lair:6   | Reached XP level 13. HP: 68/79 MP: 27/31
 24340 | Lair:6   | Reached skill level 3 in Armour
 24692 | Lair:6   | Reached skill level 13 in Spellcasting
 24828 | Lair:6   | Reached ***** piety under Vehumet
 25189 | Lair:6   | Reached skill level 9 in Fighting
 25215 | Lair:6   | Reached skill level 4 in Armour
 25215 | Lair:6   | Reached skill level 14 in Dodging
 25237 | Lair:6   | Reached skill level 9 in Conjurations
 25385 | Lair:6   | Offered knowledge of Starburst by Vehumet.
 25393 | Lair:6   | Learned a level 6 spell: Starburst
 25476 | Lair:6   | Got a pair of jewelled gloves
 25993 | Lair:2   | Reached skill level 10 in Conjurations
 26070 | D:11     | Noticed Urug
 26074 | D:11     | Killed Urug
 26158 | D:11     | Reached skill level 9 in Fire Magic
 26190 | D:11     | Noticed Psyche
 26257 | D:11     | Killed Psyche
 26515 | D:11     | Identified the +0 pair of gloves "Ebavotoq" {rF++ MR-
                  | Regen+ Str+4} (You found it on level 6 of the Lair of
                  | Beasts)
 26896 | D:11     | Found a portal to a secret trove of treasure.
 27313 | D:12     | Found Firaprec's Antique Weapon Shop.
 27352 | D:12     | Found a flagged portal.
 27361 | Bailey   | Entered a bailey
 27602 | Bailey   | Identified the ring of Qamic {+Blink rN+}
 27608 | Bailey   | Identified the +5 demon blade "Rapeto" {drain, Int+3}
 27711 | Bailey   | Reached XP level 14. HP: 78/86 MP: 20/33
 27888 | Bailey   | Noticed an orc warlord
 27909 | Bailey   | Killed an orc warlord
 28187 | D:11     | You paid a toll of a +5 demon blade to enter a treasure
                  | trove
 28188 | Trove    | Entered a treasure trove
 28192 | Trove    | Found the +3 pair of gauntlets of War {Slay+5}
 28225 | Trove    | Got a pitted cloak
 28236 | Trove    | Identified the cursed +0 cloak of Nyheef {+Fly rC- Regen+
                  | Str+4 SInv} (You found it in a treasure trove)
 28250 | Trove    | Got a spiked shield
 28260 | Trove    | Got an aquamarine-encrusted chain mail
 28263 | Trove    | Got a faintly glowing plate armour
 28271 | Trove    | Got a transparent scale mail
 28280 | Trove    | Got a diamond-encrusted leather armour
 28282 | Trove    | Got a transparent leather armour
 28345 | D:11     | Identified the +0 shield of the Comet {*Slow rN+ Stlth+}
                  | (You found it in a treasure trove)
 28376 | D:11     | Identified the +13 chain mail of Ruzimnox {Str+2 Int+4}
                  | (You found it in a treasure trove)
 28386 | D:11     | Identified the cursed +1 plate armour of Impressiveness
                  | {rElec rC+} (You found it in a treasure trove)
 28397 | D:11     | Identified the cursed +1 scale mail of the Earth {*Slow
                  | rF++ rCorr Int+4} (You found it in a treasure trove)
 28408 | D:11     | Identified the +2 leather armour of Valour {rN++ Dex+4}
                  | (You found it in a treasure trove)
 28418 | D:11     | Identified the +1 leather armour of Eternity {rF+ rN+ rCorr
                  | Str+4} (You found it in a treasure trove)
 28550 | D:12     | Reached skill level 10 in Fire Magic
 28941 | D:12     | Found a runed translucent gate.
 28941 | D:12     | Found a runed translucent gate.
 28941 | D:12     | Noticed Xogiet's ghost (journeyman GrGl)
 28942 | D:12     | Found a runed translucent gate.
 29000 | D:12     | Offered knowledge of Iskenderun's Mystic Blast by Vehumet.
 29432 | D:12     | Reached skill level 11 in Conjurations
 29711 | D:12     | Got a faintly glowing granite ring
 29713 | D:12     | Identified the ring of Qafe {rElec rF+ rC+ Str+2} (You
                  | found it on level 12 of the Dungeon)
 29751 | D:12     | Reached skill level 14 in Spellcasting
 29854 | D:13     | Found a gate to the Vaults.
 30319 | D:13     | Identified a scroll of acquirement
 30435 | D:13     | Learned a level 4 spell: Passage of Golubria
 30689 | D:13     | Reached skill level 1 in Translocations
 31034 | D:14     | Offered knowledge of Freezing Cloud by Vehumet.
 31072 | D:14     | Reached skill level 2 in Translocations
 31111 | D:14     | Found a gate leading to a gauntlet.
 31120 | Gauntlet | Entered a Gauntlet
 31120 | Gauntlet | Found a transporter.
 31120 | Gauntlet | Found a transporter.
 31139 | Gauntlet | Found a transporter.
 31142 | Gauntlet | Found a transporter.
 31150 | Gauntlet | Found a transporter.
 31154 | Gauntlet | Found a transporter.
 31159 | Gauntlet | Noticed a reaper
 31162 | Gauntlet | Found a transporter.
 31178 | Gauntlet | Found a transporter.
 31192 | Gauntlet | Found a transporter.
 31196 | Gauntlet | Found a transporter.
 31204 | Gauntlet | Found a transporter.
 31208 | Gauntlet | Found a transporter.
 31268 | Gauntlet | Identified Roh Hir's Handbook of Ice
 31284 | Gauntlet | Noticed an ironheart preserver
 31286 | Gauntlet | Noticed an ironheart preserver
 31286 | Gauntlet | Noticed an ironheart preserver
 31451 | Gauntlet | Found the amulet of the Air {Inacc +Fly rElec EV+5 RMsl}
 31451 | Gauntlet | Got a warped flail
 31452 | Gauntlet | Identified the cursed +3 flail of the Hills {flame, +Rage}
                  | (You found it in a Gauntlet)
 31457 | Gauntlet | Reached skill level 15 in Spellcasting
 31457 | Gauntlet | Reached skill level 12 in Conjurations
 31457 | Gauntlet | Reached skill level 4 in Translocations
 31457 | Gauntlet | Reached XP level 15. HP: 90/90 MP: 30/36
 31640 | D:14     | Found a frozen archway.
 31654 | IceCv    | Entered an ice cave
 31658 | IceCv    | Reached skill level 5 in Translocations
 32460 | IceCv    | Noticed a frost giant
 32472 | IceCv    | Killed a frost giant
 33680 | D:14     | Found a glowing golden altar of the Shining One.
 33944 | Orc:1    | Entered Level 1 of the Orcish Mines
 34148 | Orc:1    | Found a runed translucent door.
 34658 | Orc:1    | Offered knowledge of Irradiate by Vehumet.
 34667 | Orc:1    | Learned a level 5 spell: Irradiate
 34902 | Orc:1    | Found a roughly hewn altar of Beogh.
 34953 | Orc:2    | Entered Level 2 of the Orcish Mines
 34960 | Orc:2    | Noticed Josephine
 34963 | Orc:2    | Killed Josephine
 35131 | Orc:2    | Reached skill level 16 in Spellcasting
 35772 | Orc:2    | Reached skill level 13 in Conjurations
 36296 | Orc:2    | Found a roughly hewn altar of Beogh.
 36361 | Orc:2    | Found Noimi's Gadget Emporium.
 36362 | Orc:2    | Reached XP level 16. HP: 96/96 MP: 25/38
 36432 | Orc:2    | Found Lochesip's General Store.
 36566 | Orc:1    | Offered knowledge of Spellforged Servitor by Vehumet.
 36702 | Orc:2    | Bought a scroll of fear for 49 gold pieces
 36702 | Orc:2    | Bought 2 potions of haste for 280 gold pieces
 36929 | Orc:2    | Reached skill level 15 in Dodging
 36930 | Orc:2    | Reached skill level 10 in Fighting
 37254 | Orc:2    | Reached skill level 1 in Transmutations
 37543 | Orc:2    | Found a staircase to the Elven Halls.
 37603 | Orc:2    | Reached skill level 2 in Transmutations
 38000 | Orc:2    | Noticed Maurice
 38003 | Orc:2    | Killed Maurice
 38026 | Orc:2    | Noticed Jorgrun
 38152 | Orc:2    | Killed Jorgrun
 38152 | Orc:2    | Reached skill level 3 in Transmutations
 38601 | Orc:2    | Reached skill level 4 in Transmutations
 38951 | Orc:2    | Reached skill level 11 in Fire Magic
 39423 | Orc:2    | Found a roughly hewn altar of Beogh.
 39433 | Orc:2    | Found Zitoec's Distillery.
 39442 | Orc:2    | Bought a potion of haste for 170 gold pieces
 39442 | Orc:2    | Bought a potion of heal wounds for 85 gold pieces
 39442 | Orc:2    | Bought a potion of curing for 51 gold pieces
 39442 | Orc:2    | Bought a potion of resistance for 170 gold pieces
 39442 | Orc:2    | Bought a potion of haste for 170 gold pieces
 39545 | Orc:2    | Found Qebiunaece's Assorted Antiques.
 39553 | Orc:2    | Bought a scroll labeled QOPULO UFAGH for 34 gold pieces
 39553 | Orc:2    | Bought a copper ring for 170 gold pieces
 39920 | D:14     | Reached skill level 5 in Transmutations
 39930 | D:15     | Entered Level 15 of the Dungeon
 39936 | D:15     | Offered knowledge of Orb of Destruction by Vehumet.
 40087 | D:14     | Learned a level 7 spell: Orb of Destruction
 40277 | D:15     | Reached skill level 6 in Transmutations
 40610 | D:15     | Reached skill level 12 in Fire Magic
 40938 | D:15     | Found Qolaseq's Distillery.
 41310 | D:15     | Bought 2 potions of curing for 108 gold pieces
 41310 | D:15     | Bought a potion of mutation for 144 gold pieces
 41310 | D:15     | Bought a potion of curing for 54 gold pieces
 41310 | D:15     | Bought a potion of brilliance for 72 gold pieces
 41316 | D:15     | Found a shimmering altar of Xom.
 41316 | D:15     | Found a shimmering altar of Xom.
 41320 | D:15     | Found a shimmering altar of Xom.
 41320 | D:15     | Found a shimmering altar of Xom.
 41321 | D:15     | Found a shimmering altar of Xom.
 41321 | D:15     | Found a shimmering altar of Xom.
 41820 | D:15     | Found a staircase to the Depths.
 41946 | D:15     | Reached skill level 13 in Fire Magic
 42407 | Snake:1  | Entered Level 1 of the Snake Pit
 43279 | Snake:1  | Found Aqepe's Food Shoppe.
 43495 | Snake:1  | Reached skill level 14 in Fire Magic
 43811 | Snake:1  | Found a shattered altar of Ashenzari.
 43854 | Snake:1  | Found Pikufiap's Distillery.
 43867 | Snake:1  | Bought a potion of magic for 136 gold pieces
 44589 | Snake:1  | Noticed Nikola
 44598 | Snake:1  | Killed Nikola
 44598 | Snake:1  | Reached XP level 17. HP: 41/102 MP: 0/39
 45086 | Snake:2  | Reached ****** piety under Vehumet
 45285 | Snake:2  | Reached skill level 15 in Fire Magic
 45288 | Snake:2  | Offered knowledge of Iron Shot by Vehumet.
 45630 | Snake:2  | Reached skill level 17 in Spellcasting
 45705 | Snake:1  | Learned a level 8 spell: Ignition
 47384 | Snake:3  | Reached skill level 16 in Fire Magic
 48386 | Snake:4  | Entered Level 4 of the Snake Pit
 48386 | Snake:4  | Found a transporter.
 48542 | Snake:4  | Noticed mopl's ghost (journeyman DrSu)
 48582 | Snake:4  | Found a transporter.
 48614 | Snake:4  | Found Apsusch's Food Emporium.
 48665 | Snake:4  | Reached skill level 17 in Fire Magic
 49218 | Snake:4  | Identified the +0 pair of boots "Puntec" {rElec rPois} (You
                  | acquired it on level 4 of the Snake Pit)
 49218 | Snake:4  | Identified the ring of the Elephant {rC+ Int+6 Dex+4} (You
                  | acquired it on level 4 of the Snake Pit)
 50013 | Snake:4  | Reached skill level 18 in Fire Magic
 50814 | Snake:4  | Reached XP level 18. HP: 107/107 MP: 33/41
 51069 | Snake:4  | Reached skill level 5 in Armour
 51689 | Snake:4  | Reached skill level 6 in Armour
 52210 | Snake:4  | Found Nyar's Weapon Boutique.
 52211 | Snake:4  | Found Soesiok's Armour Boutique.
 52211 | Snake:4  | Found Poalir's Distillery.
 52214 | Snake:4  | Found Hoha's Gadget Shop.
 52234 | Snake:4  | Bought a potion of cancellation for 136 gold pieces
 52234 | Snake:4  | Bought a potion of cancellation for 136 gold pieces
 52234 | Snake:4  | Bought 2 potions of curing for 102 gold pieces
 52234 | Snake:4  | Bought a potion of brilliance for 68 gold pieces
 52234 | Snake:4  | Bought a potion of brilliance for 68 gold pieces
 52234 | Snake:4  | Bought a potion of curing for 51 gold pieces
 52234 | Snake:4  | Bought a potion of resistance for 170 gold pieces
 52711 | Snake:4  | Reached skill level 7 in Armour
 52909 | Snake:4  | Got a serpentine rune of Zot
 53294 | Snake:4  | Got a scorched long sword
 53295 | Snake:4  | Identified the +2 long sword of Defilement {flame, Fragile
                  | rPois Str-2 Dex+8} (You found it on level 4 of the Snake
                  | Pit)
 53548 | Elf:1    | Entered Level 1 of the Elven Halls
 53554 | Elf:1    | Offered knowledge of Lehudib's Crystal Spear by Vehumet.
 53554 | Elf:1    | Offered knowledge of Fire Storm by Vehumet.
 53554 | Elf:1    | Offered knowledge of Chain Lightning by Vehumet.
 53596 | Elf:1    | Reached skill level 8 in Armour
 53621 | Elf:1    | Noticed Agnes
 53628 | Elf:1    | Killed Agnes
 53744 | Elf:1    | Found a flickering gateway to a bazaar.
 53767 | Bazaar   | Entered a bazaar
 53899 | Bazaar   | Found Acuytil's Jewellery Shoppe.
 53970 | Bazaar   | Found Voowuf's Book Shoppe.
 54016 | Bazaar   | Found Zucro's Book Shoppe.
 54096 | Bazaar   | Found Gatuf's Book Boutique.
 54160 | Bazaar   | Bought the brooch of Shielding {Reflect SH+8} for 1488 gold
                  | pieces
 54160 | Bazaar   | Found the brooch of Shielding {Reflect SH+8}
 55003 | Elf:1    | Identified the Volume of Attacks
 55763 | Elf:2    | Found Geongogga's Gadget Boutique.
 55764 | Elf:2    | Found Zuga's Magic Scroll Boutique.
 55856 | Elf:2    | Found Bumeunt's Weapon Boutique.
 55856 | Elf:2    | Found Cicziyk's Antique Armour Boutique.
 55864 | Elf:2    | Bought a scroll of blinking for 112 gold pieces
 55864 | Elf:2    | Bought a scroll of blinking for 112 gold pieces
 55864 | Elf:2    | Bought a scroll of teleportation for 45 gold pieces
 55897 | Elf:2    | Found a ruined gateway.
 55965 | Desolati | Entered the Desolation of Salt
 55994 | Desolati | HP: 9/107 [guardian serpent/bolt of poison (11)]
 56309 | Elf:2    | Found a runed translucent gate.
 56309 | Elf:2    | Found a runed translucent gate.
 56309 | Elf:2    | Found a runed translucent gate.
 56405 | Elf:2    | Found Noilid's Book Emporium.
 56806 | Shoals:1 | Entered Level 1 of the Shoals
 57008 | Shoals:1 | Reached skill level 9 in Armour
 57540 | Shoals:1 | Reached XP level 19. HP: 111/112 MP: 33/42
 58021 | Shoals:1 | Reached skill level 18 in Spellcasting
 58124 | Shoals:2 | Noticed Kirke
 58129 | Shoals:2 | Killed Kirke
 58129 | Shoals:2 | Reached skill level 14 in Conjurations
 58141 | Shoals:2 | Noticed Frances
 58257 | Shoals:2 | Killed Frances
 58477 | Shoals:2 | Noticed Polyphemus
 58484 | Shoals:2 | Killed Polyphemus
 59248 | Shoals:3 | Reached skill level 19 in Fire Magic
 59385 | Shoals:3 | Reached skill level 10 in Armour
 61181 | Shoals:4 | Entered Level 4 of the Shoals
 63672 | Shoals:4 | Found the +8 autumn katana {vorpal, Clar}
 63733 | Shoals:4 | Reached skill level 15 in Conjurations
 63822 | Shoals:4 | Got a barnacled rune of Zot
 64231 | Vaults:1 | Entered Level 1 of the Vaults
 64321 | Vaults:1 | Reached skill level 19 in Spellcasting
 64687 | Vaults:1 | Reached skill level 20 in Fire Magic
 64938 | Vaults:1 | Reached XP level 20. HP: 117/117 MP: 23/45
 65325 | Vaults:1 | Identified the +0 leather armour of Motymul {rN++ Regen+
                  | Str-2 Stlth+}
 65329 | Vaults:1 | Found the +9 heavy crossbow "Sniper" {vorpal, Acc+∞ SInv}
 68125 | Vaults:2 | Reached skill level 11 in Armour
 68125 | Vaults:2 | Reached skill level 20 in Spellcasting
 68237 | Vaults:2 | Found a flickering gateway to a bazaar.
 68249 | Bazaar   | Entered a bazaar
 68359 | Bazaar   | Found Erynkez's Jewellery Boutique.
 68377 | Bazaar   | Found Licveq's Book Emporium.
 68394 | Bazaar   | Found Tejoed's Assorted Antiques.
 68399 | Bazaar   | Bought a potion of curing for 63 gold pieces
 68399 | Bazaar   | Bought an encrusted cloak for 199 gold pieces
 68399 | Bazaar   | Bought a potion of curing for 63 gold pieces
 68409 | Bazaar   | Identified the cursed +0 cloak of the Untouchables
                  | {*Corrode rF++ rN+ Regen+} (You bought it in a shop in a
                  | bazaar)
 68432 | Bazaar   | Found Akeal's Armour Shoppe.
 68437 | Bazaar   | Bought a +1 helmet of intelligence for 115 gold pieces
 68671 | Vaults:2 | Reached skill level 21 in Fire Magic
 69338 | Vaults:2 | Found a staircase to the Crypt.
 70846 | Vaults:3 | Reached skill level 5 in Shields
 71283 | Vaults:3 | Reached XP level 21. HP: 121/122 MP: 27/47
 71942 | Vaults:3 | Found Avineakk's Distillery.
 71951 | Vaults:3 | Bought a potion of heal wounds for 90 gold pieces
 71951 | Vaults:3 | Bought a potion of magic for 144 gold pieces
 71951 | Vaults:3 | Bought a potion of haste for 180 gold pieces
 72515 | Vaults:4 | Reached skill level 6 in Shields
 73141 | Vaults:4 | Reached skill level 16 in Conjurations
 73146 | Vaults:4 | Got a transparent ring mail
 73157 | Vaults:4 | Identified the cursed +1 ring mail of the Meadowlark
                  | {Str+4} (You found it on level 4 of the Vaults)
 73379 | Vaults:4 | Reached skill level 21 in Spellcasting
 73552 | Vaults:4 | Found Qekkibru's Magic Scroll Shop.
 73556 | Vaults:4 | Reached skill level 7 in Shields
 73565 | Vaults:4 | Bought a scroll of magic mapping for 49 gold pieces
 73565 | Vaults:4 | Bought a scroll of teleportation for 42 gold pieces
 73565 | Vaults:4 | Bought a scroll of magic mapping for 49 gold pieces
 74319 | Crypt:1  | Entered Level 1 of the Crypt
 74739 | Crypt:1  | Reached skill level 22 in Fire Magic
 75086 | Crypt:1  | Reached skill level 8 in Shields
 75609 | Crypt:1  | Reached XP level 22. HP: 108/127 MP: 25/49
 75710 | Crypt:1  | Noticed Xtahua
 75741 | Crypt:1  | Killed Xtahua
 75741 | Crypt:1  | Reached skill level 22 in Spellcasting
 75935 | Crypt:1  | Found the +2 ratskin cloak {+Rats rPois rN+ Str-1 Int-1
                  | Dex+1}
 75941 | Crypt:1  | Noticed Saint Roka
 75943 | Crypt:1  | Reached skill level 9 in Shields
 75948 | Crypt:1  | Killed Saint Roka
 76675 | Crypt:2  | Reached skill level 10 in Shields
 77136 | Crypt:2  | Noticed Bai Suzhen
 77141 | Crypt:2  | Killed Bai Suzhen
 77802 | Crypt:3  | Entered Level 3 of the Crypt
 78123 | Crypt:3  | Got a shimmering rapier
 78124 | Crypt:3  | Identified the +10 rapier of Qinaiqap {protect, *Corrode
                  | rF+ MR+} (You found it on level 3 of the Crypt)
 78749 | Crypt:3  | Reached skill level 11 in Shields
 78750 | Crypt:3  | Reached skill level 11 in Fighting
 78752 | Crypt:3  | Noticed an ancient lich
 78757 | Crypt:3  | Killed an ancient lich
 78757 | Crypt:3  | Reached skill level 12 in Armour
 78910 | Crypt:3  | Noticed a curse toe
 78921 | Crypt:3  | Killed a curse toe
 79260 | Crypt:3  | Reached XP level 23. HP: 106/135 MP: 20/51
 80010 | Crypt:3  | Found an ancient bone altar of Kikubaaqudgha.
 80013 | Crypt:3  | Identified the Papyrus of the Sailor
 80016 | Crypt:3  | Found a basalt altar of Yredelemnul.
 80031 | Crypt:3  | Got a shimmering glass ring
 80033 | Crypt:3  | Identified the ring of Reimbursement {rElec rC+++ SInv}
                  | (You found it on level 3 of the Crypt)
 80132 | Crypt:3  | Found a staircase to the Tomb.
 80424 | Crypt:3  | Identified the +5 ring mail of Dithmenos {rN++} (You found
                  | it on level 3 of the Crypt)
 80804 | Elf:3    | Entered Level 3 of the Elven Halls
 80923 | Elf:3    | Found Astrij's Armour Emporium.
 81361 | Elf:3    | Found a runed translucent door.
 81439 | Elf:3    | Reached skill level 12 in Shields
 81736 | Elf:3    | Reached skill level 12 in Fighting
 82193 | Elf:3    | Identified the ring "Fekien" {rC+ rN+ AC+3 Str-2}
 82207 | Elf:3    | Reached skill level 13 in Shields
 82428 | Elf:3    | Identified the +9 scythe of the Yoke {chaos, +Rage rElec
                  | MR+++ Int-5}
 82430 | Elf:3    | Identified the amulet of Xilicuhu {Faith rF+ rN+}
 82434 | Elf:3    | Noticed Donald
 82440 | Elf:3    | Killed Donald
 82571 | Elf:3    | Identified the +1 rapier of Blood {antimagic, Fragile Int+3
                  | Dex+7 SInv}
 82689 | Elf:3    | Identified the Disquisition on the Lucky Volcanoes
 82696 | Elf:3    | Got a brightly glowing iron ring
 82697 | Elf:3    | Identified the ring "Qenkuamo" {rPois rC+ rN+ Str-2} (You
                  | found it on level 3 of the Elven Halls)
 83280 | Slime:1  | Entered Level 1 of the Pits of Slime
 83630 | Slime:2  | Reached skill level 14 in Shields
 83937 | Slime:4  | Gained mutation: Your magical capacity is low. (-10% MP) [a
                  | shining eye]
 84643 | Slime:5  | Entered Level 5 of the Pits of Slime
 84813 | Slime:5  | Found a viscous altar of Jiyva.
 84814 | Slime:5  | Noticed the Royal Jelly
 84820 | Slime:5  | Reached skill level 15 in Shields
 84821 | Slime:5  | Killed the Royal Jelly
 84821 | Slime:5  | Reached XP level 24. HP: 139/142 MP: 36/46
 85030 | Slime:5  | Got a slimy rune of Zot
 85046 | Slime:5  | Found the ring of the Mage {Wiz MR++ Int+3}
 85105 | Slime:5  | Identified the cursed +2 dagger of the Heavens {vamp,
                  | rElec} (You found it on level 5 of the Pits of Slime)
 85122 | Slime:5  | Got a pitted sapphire amulet
 85123 | Slime:5  | Identified the amulet of Spite {Inacc *Slow rPois Dex+7}
                  | (You found it on level 5 of the Pits of Slime)
 85126 | Slime:5  | Got a steaming granite ring
 85127 | Slime:5  | Identified the ring of Salvation {*Tele rElec rC++ Str-4
                  | Int+2} (You found it on level 5 of the Pits of Slime)
 85573 | Elf:2    | Bought the +1 cloak of Starlight {rElec rC+ EV+4 Stlth--}
                  | for 1424 gold pieces
 85573 | Elf:2    | Found the +1 cloak of Starlight {rElec rC+ EV+4 Stlth--}
 85586 | Elf:2    | Bought a pair of embroidered boots for 240 gold pieces
 86278 | Depths:1 | Entered Level 1 of the Depths
 86284 | Depths:1 | Reached skill level 23 in Spellcasting
 87005 | Depths:1 | Found a corrupted altar of Lugonu.
 87005 | Depths:1 | Found a one-way gate to the infinite horrors of the Abyss.
 87064 | Depths:1 | Found a gateway to Hell.
 88012 | Depths:2 | Found a shimmering blue altar of Sif Muna.
 88938 | Depths:2 | Found a corrupted altar of Lugonu.
 89045 | Depths:2 | Reached skill level 24 in Spellcasting
 89761 | Depths:3 | Reached skill level 23 in Fire Magic
 89968 | Depths:3 | Found a shimmering blue altar of Sif Muna.
 89978 | Depths:3 | Found a one-way gate leading to the halls of Pandemonium.
 90014 | Depths:3 | Found an opulent altar of Gozag.
 90300 | Depths:3 | Gained mutation: You are clumsy. (Dex -2) [mutagenic glow]
 90364 | Depths:3 | Gained mutation: Your spells are a little easier to cast,
                  | but a little less powerful. [mutagenic glow]
 90632 | Depths:3 | Gained mutation: Your magical capacity is very low. (-20%
                  | MP) [mutagenic glow]
 91136 | Depths:3 | Identified the +5 trident "Eviscerator" {vorpal, rPois rF+}
 91214 | Depths:3 | Gained mutation: You are frail. (-10% HP) [mutagenic glow]
 91337 | Depths:3 | Lost mutation: You are frail. (-10% HP) [potion of
                  | mutation]
 91337 | Depths:3 | Lost mutation: Your spells are a little easier to cast, but
                  | a little less powerful. [potion of mutation]
 91337 | Depths:3 | Lost mutation: Your magical capacity is very low. (-20% MP)
                  | [potion of mutation]
 91337 | Depths:3 | Lost mutation: You are clumsy. (Dex -2) [potion of
                  | mutation]
 91337 | Depths:3 | Gained mutation: You evolve. [potion of mutation]
 91337 | Depths:3 | Gained mutation: Your muscles are strong. (Str +2) [potion
                  | of mutation]
 91337 | Depths:3 | Gained mutation: You can translocate small distances at
                  | will. [potion of mutation]
 91591 | Depths:3 | Reached XP level 25. HP: 135/147 MP: 19/48
 91958 | Depths:3 | Found a hazy altar of Hepliaklqana.
 92235 | Depths:3 | Reached skill level 17 in Conjurations
 92337 | Depths:2 | Learned a level 9 spell: Fire Storm
 92597 | Depths:3 | Found a glowing golden altar of the Shining One.
 93212 | Depths:4 | You fall into a shaft and drop 1 floor!
 93212 | Depths:5 | Entered Level 5 of the Depths
 93212 | Depths:5 | Noticed a juggernaut
 93215 | Depths:5 | Killed a juggernaut
 93215 | Depths:5 | Reached skill level 25 in Spellcasting
 93271 | Depths:5 | Lost mutation: You evolve. [evolution]
 93394 | Depths:5 | Noticed a juggernaut
 93401 | Depths:5 | Killed a juggernaut
 93401 | Depths:5 | Reached skill level 24 in Fire Magic
 93709 | Depths:4 | Noticed a juggernaut
 93713 | Depths:4 | Killed a juggernaut
 93713 | Depths:4 | Reached skill level 16 in Dodging
 94020 | Depths:4 | Reached skill level 17 in Dodging
 94419 | Depths:4 | Reached skill level 18 in Dodging
 95796 | Depths:4 | Found a gateway to a ziggurat.
 95885 | Depths:4 | Reached skill level 13 in Fighting
 96031 | Zig:1    | Entered Level 1 of a ziggurat
 96101 | Zig:2    | Entered Level 2 of a ziggurat
 96107 | Zig:2    | Reached XP level 26. HP: 155/156 MP: 23/48
 96187 | Zig:3    | Entered Level 3 of a ziggurat
 96202 | Zig:3    | Identified the +5 plate armour "Duniq" {Int+5 SInv} (You
                  | found it on level 3 of a ziggurat)
 96231 | Zig:4    | Entered Level 4 of a ziggurat
 96262 | Zig:4    | Identified a +2 pair of boots of running (You found it on
                  | level 4 of a ziggurat)
 96271 | Zig:5    | Entered Level 5 of a ziggurat
 96543 | Zig:6    | Entered Level 6 of a ziggurat
 96564 | Zig:6    | Identified the ring of Mucseimaen {MR- Int+2 Dex+5} (You
                  | acquired it on level 6 of a ziggurat)
 96564 | Zig:6    | Identified the Guide on Execration (You acquired it on
                  | level 6 of a ziggurat)
 96664 | Zig:7    | Entered Level 7 of a ziggurat
 96670 | Zig:7    | Reached skill level 14 in Fighting
 96688 | Zig:7    | Got a warped brass ring
 96689 | Zig:7    | Identified the ring "Fiqir" {+Fly Int+2} (You found it on
                  | level 7 of a ziggurat)
 96763 | Zig:8    | Entered Level 8 of a ziggurat
 96808 | Zig:9    | Entered Level 9 of a ziggurat
 96824 | Zig:9    | Identified the Tome of Creative Feathers
 96838 | Zig:9    | Identified the +6 ice dragon scales of Dodghoew {*Contam
                  | rF- rC++ rN++ Str+3 SInv} (You found it on level 9 of a
                  | ziggurat)
 97601 | Vaults:5 | Entered Level 5 of the Vaults
 97602 | Vaults:5 | Reached skill level 15 in Fighting
 98189 | Vaults:5 | Identified the ring of the Raven {Wiz rN++}
 98238 | Vaults:5 | Reached skill level 13 in Armour
 98772 | Vaults:5 | Reached skill level 16 in Shields
 99096 | Vaults:5 | Got a pair of scorched gloves
 99289 | Vaults:5 | Identified the +2 war axe "Voalaitt" {vorpal, *Corrode MP+9
                  | Dex+4}
 99420 | Vaults:5 | Identified the +4 pair of gloves "Ashrow" {rN+ Int+4} (You
                  | found it on level 5 of the Vaults)
 99499 | Vaults:5 | Reached XP level 27. HP: 161/165 MP: 22/48
 99621 | Vaults:5 | Noticed an ancient lich
 99622 | Vaults:5 | Noticed an ancient lich
 99626 | Vaults:5 | Killed an ancient lich
 99628 | Vaults:5 | Killed an ancient lich
 99741 | Vaults:5 | Reached skill level 14 in Armour
100138 | Vaults:5 | Identified the cursed +1 broad axe "Killer Klown's Death"
                  | {vorpal, MR+}
100380 | Vaults:5 | Reached skill level 17 in Shields
100692 | Vaults:5 | Identified the +3 great sword "Dugenk" {holy, +Blink Int+3}
101401 | Vaults:5 | Identified the Compendium of Transformation and Necromancy
101524 | Vaults:5 | Learned a level 6 spell: Deflect Missiles
101530 | Vaults:5 | Got a silver rune of Zot
101778 | Vaults:3 | Identified the cursed +0 robe "Wacilon" {rElec} (You found
                  | it on level 3 of the Vaults)
101867 | Vaults:3 | Reached skill level 2 in Charms
102076 | Depths:4 | Reached skill level 3 in Charms
102080 | Depths:4 | Reached skill level 1 in Air Magic
102385 | Depths:5 | Reached skill level 4 in Charms
102437 | Depths:5 | Reached skill level 5 in Charms
102437 | Depths:5 | Reached skill level 2 in Air Magic
102437 | Depths:5 | Reached skill level 6 in Charms
102440 | Depths:5 | Reached skill level 3 in Air Magic
102674 | Depths:5 | Reached skill level 7 in Charms
102674 | Depths:5 | Noticed Mennas
102680 | Depths:5 | Killed Mennas
102680 | Depths:5 | Reached skill level 4 in Air Magic
102685 | Depths:5 | Reached skill level 5 in Air Magic
103406 | Depths:5 | Found a gate to the Realm of Zot.
104285 | Zot:1    | Entered Level 1 of the Realm of Zot
104289 | Zot:1    | Identified the Reference Book on Ignition (You acquired it
                  | on level 1 of the Realm of Zot)
104668 | Zot:1    | Reached skill level 26 in Spellcasting
104971 | Zot:2    | Reached skill level 25 in Fire Magic
105739 | Zot:4    | Reached skill level 27 in Spellcasting
105958 | Zot:5    | Entered Level 5 of the Realm of Zot
106670 | Zot:5    | Reached skill level 16 in Fighting
107817 | Zot:5    | Noticed an orb of fire
107906 | Zot:5    | Killed an orb of fire
108249 | Zot:5    | Reached skill level 17 in Fighting
108575 | Zot:5    | Noticed an orb of fire
108971 | Zot:5    | Noticed an orb of fire
108971 | Zot:5    | Noticed an orb of fire
108976 | Zot:5    | Gained mutation: You are occasionally teleported next to
                  | monsters. [an orb of fire]
108978 | Zot:5    | Killed an orb of fire
108984 | Zot:5    | Killed an orb of fire
108985 | Zot:5    | Lost mutation: Your muscles are strong. (Str +2) [potion of
                  | mutation]
108985 | Zot:5    | Lost mutation: Your magical capacity is low. (-10% MP)
                  | [potion of mutation]
108985 | Zot:5    | Lost mutation: You can translocate small distances at will.
                  | [potion of mutation]
108985 | Zot:5    | Gained mutation: You tend to lose your temper in combat.
                  | [potion of mutation]
108985 | Zot:5    | Gained mutation: You are resistant to hostile enchantments.
                  | (MR+) [potion of mutation]
108985 | Zot:5    | Gained mutation: You have sharp toenails. [potion of
                  | mutation]
108985 | Zot:5    | Gained mutation: You are partially covered in yellow
                  | scales. (AC +2) [potion of mutation]
108986 | Zot:5    | Lost mutation: You are occasionally teleported next to
                  | monsters. [potion of mutation]
108986 | Zot:5    | Lost mutation: You are partially covered in yellow scales.
                  | (AC +2) [potion of mutation]
108986 | Zot:5    | Gained mutation: You are highly resistant to hostile
                  | enchantments. (MR++) [potion of mutation]
108986 | Zot:5    | Gained mutation: You are extremely resistant to the effects
                  | of hostile enchantments. (MR+++) [potion of mutation]
109297 | Zot:5    | Noticed an ancient lich
109308 | Zot:5    | Killed an ancient lich
109312 | Zot:5    | Noticed an orb of fire
109319 | Zot:5    | Gained mutation: You are clumsy. (Dex -2) [an orb of fire]
109320 | Zot:5    | Killed an orb of fire
109569 | Zot:5    | Killed an orb of fire
110443 | Zot:5    | Identified the +2 plate armour of Articulation {rCorr
                  | Slay+3} (You found it on level 5 of the Realm of Zot)
111517 | Zot:5    | Got the Orb of Zot
111632 | Zot:3    | Noticed Gath the pandemonium lord
111718 | Zot:1    | Noticed Terop the pandemonium lord
111827 | Depths:1 | Reached skill level 19 in Dodging
112265 | D:$      | Escaped with the Orb!

Levels and vault maps discovered:
D:1:      scummos_arrival_checkerplants, layout_loops_ring
D:2:      layout_basic, first_ration, minivault_25, minmay_snake_closets
D:3:      layout_loops_ring, uniq_crazy_yiuf_cottage
D:4:      layout_cave_pods, kennysheep_little_box, okawaru_ov_weapons_minmay
D:5:      layout_loops_corners, amethyst_overflow_temple_binary,
          temple_fountains, uniq_menkaure
D:6:      layout_basic, portal_sewer_entry_c, uniq_pikel
D:7:      layout_basic, the_bakery, uniq_prince_ribbit1
D:8:      gammafunk_corrupted_shrine, layout_basic, serial_shops,
          nicolae_shop_stone, uniq_maggie
D:9:      layout_basic, nemelex_altar_shiori, kennysheep_doodads
D:10:     layout_irregular_city, grunt_lair_entry_orc_guard_hut,
          zombieorc2_lemuel, nicolae_ashenzari_panopticon
D:11:     layout_irregular_city, enter_trove_6,
          onia_ninara_dug_in_and_dangerous, uniq_urug, uniq_psyche
D:12:     layout_basic, serial_shops, shop, enter_bailey_8,
          gammafunk_ghost_hydra_chop
D:13:     layout_rooms, david_vaults_2, minmay_misc_feat_enclosed
D:14:     layout_cave_pods, portal_ice_cave_entry_pillars_1,
          gauntlet_entry_generic, basic_altar
D:15:     grunt_enter_depths_hoard, layout_rooms, serial_curves, eino_curves_03,
          eino_curves_02, eino_curves_01, eino_curves_04,
          minmay_misc_feat_doors, serial_shops,
          nicolae_shop_temple_entry_statues_fountains, xom_shifter_show
Lair:1:   layout_long_grid, lemuel_fruit_fields, serial_bayou_shore_a
Lair:2:   layout_regular_city
Lair:3:   layout_cave_pods, minmay_shoals_entry_beasts,
          minmay_snake_entry_guardpost_small, cheibrodos_lair_lostbears
Lair:4:   layout_concentric_octagons, grunt_megastairs_4,
          infiniplex_staircase_pool
Lair:5:   layout_layer_cave, serial_bayou_pond_d, lemuel_fruit_fields,
          uniq_snorg
Lair:6:   evilmike_catoblepas_cave, layout_cave_pods, slime_altar_1
Shoals:1: layout_shoals
Shoals:2: layout_shoals, nicolae_shoals_wave_tunnel, uniq_polyphemus,
          uniq_frances, uniq_kirke
Shoals:3: cheibrodos_shoals_satyrical_garden, layout_shoals, st_shoals_ruin
Shoals:4: shoals_end_grunt_ice, layout_shoals
Snake:1:  layout_chambers, basic_altar, serial_shops, nicolae_shop_statue_plus,
          shop_fountains, uniq_nikola
Snake:2:  layout_misc_corridors
Snake:3:  layout_cave_town, grunt_megastairs_3
Snake:4:  grunt_snake_rune_serpentine_throne, layout_layer_cave,
          gammafunk_ghost_arena, serial_shops, nicolae_shop_statue_plus,
          minmay_shoptagon
Slime:1:  layout_caves, nicolae_slime_barrier
Slime:2:  layout_caves, nicolae_slime_welcoming_committee
Slime:3:  layout_caves
Slime:4:  layout_caves
Slime:5
Orc:1:    layout_caves, lightli_church_of_beogh
Orc:2:    pubby_orc_utopia, serial_shops, uniq_maurice, uniq_josephine,
          uniq_jorgrun
Elf:1:    eino_elf_arrival_the_gate, layout_gridlike, serial_shops,
          bzr_entry_gold, minmay_elf_annihilation, grunt_ministairs_1,
          uniq_agnes
Elf:2:    layout_rooms, portal_desolation_entry_ruin, serial_shops, shop,
          minmay_shop_grid_forest
Elf:3:    elf_hall_gauntlet_narrow, layout_loops_cross, serial_shops,
          shop_statue, minivault_13, uniq_donald
Vaults:1: minmay_guarded_unrand_secular_launcher, hangedman_vaults_corner,
          ontoclasm_vaults_gateway, nicolae_vaults_diagonal_hallway_9,
          nicolae_vaults_little_squares_6, v_rooms_5, ontoclasm_vaults_pinch,
          ontoclasm_vaults_ligature, v_alt_pattern_4, vaults_room_hallway,
          ontoclasm_vaults_ring_small, vaults_dpeg_encased_lava,
          nicolae_vaults_little_squares_5, layout_vaults_big_room
Vaults:2: nicolae_vaults_triangles, minmay_crypt_entry_simple_walls,
          vaults_room_pool, st_cells, vaults_room_pools, ontoclasm_vaults_twist,
          hangedman_vaults_stagger, nicolae_vaults_network_square,
          v_alt_pattern_5, ontoclasm_vaults_eye, v_misc_19,
          nicolae_vaults_windows_and_doors_thing, nicolae_vaults_asterisk,
          nicolae_vaults_little_squares_4, layout_vaults_omnibox, serial_shops,
          bzr_entry_road
Vaults:3: ontoclasm_vaults_decontamination, v_misc_14, st_smaller_cells,
          nicolae_vaults_network_quinsquares
          [nicolae_vaults_network_quincunx_subvault,
          nicolae_vaults_network_quincunx_subvault,
          nicolae_vaults_network_quincunx_subvault,
          nicolae_vaults_network_quincunx_subvault], v_misc_15,
          nicolae_vaults_what_the_h, grunt_vaults_focal, vaults_room_corners,
          hangedman_vaults_maws, layout_vaults_omnigrid, serial_shops,
          nicolae_shop_statue_plus
Vaults:4: v_misc_14, vaults_room_mumra_shop_pool, ontoclasm_vaults_misaligned,
          vaults_standard_mumra_x, nicolae_vaults_hallways_thing,
          hangedman_vaults_nails, v_misc_31, st_check, vaults_mumra_hex,
          hangedman_vaults_trim, v_misc_10, grunt_vaults_hallway_short,
          vaults_dpeg_hooks, layout_vaults_ring
Vaults:5
Crypt:1:  layout_misc_corridors, grunt_crypt_arrival_webbed, grunt_megastairs_2,
          uniq_xtahua, uniq_saint_roka
Crypt:2:  layout_chaotic_city, uniq_bai_suzhen
Crypt:3:  lightli_unholy_cathedral, layout_chaotic_city, grunt_ministairs_12,
          nicolae_crypt_soggy_tomb, minmay_strange_pillars
Depths:1: layout_basic, hell_entry, serial_glass, glass_columns_c,
          glass_columns_b, abyss_entry_flame_altar, nrook_mini_backslash,
          hangedman_decor_clover_reticule, drop_trap, feat_on_display
Depths:2: due_chaos_kobolds, layout_long_grid, pf_hell_entry_great_geh,
          minmay_fountain_box, kennysheep_small_circle
Depths:3: grunt_profane_halls [grunt_profane_temple_coc,
          grunt_profane_temple_tar, grunt_profane_temple_dis,
          grunt_profane_temple_geh, grunt_profane_loot], pan_entry, hell_entry
Depths:4: minmay_the_grid_square_5x5_4x4_mashed [minmay_the_grid_square_5x5_c,
          minmay_the_grid_square_5x5_eight_small,
          minmay_the_grid_square_5x5_meh, minmay_the_grid_square_5x5_seven,
          minmay_the_grid_square_5x5_inner_i,
          minmay_the_grid_square_5x5_prize_waves,
          minmay_the_grid_square_5x5_prize_monsterx,
          minmay_the_grid_square_5x5_percent, minmay_the_grid_square_5x5_slash,
          minmay_the_grid_square_5x5_prize_pseudospiral,
          minmay_the_grid_square_5x5_prize_rear_guard,
          minmay_the_grid_square_5x5_three_walls, minmay_the_grid_square_5x5_v,
          minmay_the_grid_square_5x5_one_wall,
          minmay_the_grid_square_5x5_dogpile,
          minmay_the_grid_square_5x5_spiral], layout_honeycomb,
          enter_ziggurat_b, minmay_room_of_horrors,
          infiniplex_enter_wizlab_water, hell_entry,
          chequers_serial_rivers_large_b, serial_bayou_shore_b
Depths:5: grunt_zot_entry_bicorn, layout_small_grid, grunt_hell_entry_dis_old,
          uniq_mennas
Zot:1:    layout_gridlike, drop_trap
Zot:2:    layout_gridlike, st_stairs_11, grunt_ministairs_6, skrybe_zot_glass_3
Zot:3:    layout_concentric_octagons, st_single_dragon_hoard_3, zot_minivault_1
Zot:4:    layout_basic
Zot:5:    layout_gridlike

Skill      XL: |  1  2  3  4  5  6  7  8  9 10 11 12 13 14 15 16 17 18 19 20 21 22 23 24 25 26 27 |
---------------+----------------------------------------------------------------------------------+-----
Fire Magic     | 4 5 6 8 9 10 14 18 20 21 22 23 24 25 | 25.4
Conjurations   | 2 3 4 5 6 8 10 12 13 15 16 17 | 17.0
Fighting       | 1 3 4 6 7 8 9 10 11 12 13 15 17 | 17.5
Spellcasting   | 4 5 6 8 11 12 13 15 16 17 19 20 21 22 24 25 27 | 27.0
Slings         | 2 |  2.2
Evocations     | 1 5 |  5.1
Dodging        | 4 6 10 12 13 14 15 18 19 | 19.0
Charms         | 1 7 |  7.0
Shields        | 4 5 8 11 15 16 17 | 17.5
Armour         | 2 4 9 10 11 12 13 14 | 14.7
Translocations | 4 5 |  5.0
Transmutations | 6 |  6.0
Air Magic      | 5 |  5.0
Short Blades   | |  0.3
Maces & Flails | |  0.2
Throwing       | |  0.4
Stealth        | |  2.4
Unarmed Combat | |  0.2

Action                   |  1- 3 |  4- 6 |  7- 9 | 10-12 | 13-15 | 16-18 | 19-21 | 22-24 | 25-27 || total
-------------------------+-------+-------+-------+-------+-------+-------+-------+-------+-------++-------
Melee: Dagger            |       |       |    53 |    57 |    81 |       |       |       |       ||   191
       Staff             |       |       |       |       |     2 |    61 |    49 |     9 |     8 ||   129
 Fire: Hunting sling     |       |       |    10 |       |       |       |       |       |       ||    10
Throw: Dart              |       |       |     1 |       |       |       |       |       |       ||     1
       Throwing net      |       |       |       |       |     1 |       |       |       |       ||     1
 Cast: Foxfire           |    84 |    80 |   301 |   548 |    82 |    93 |       |       |       ||  1188
       Conjure Flame     |       |     3 |    17 |     3 |     4 |       |       |       |       ||    27
       Sticky Flame      |       |     2 |    24 |    78 |    99 |    25 |       |     1 |       ||   229
       Fireball          |       |       |    20 |    90 |   214 |   358 |   183 |    27 |    21 ||   913
       Searing Ray       |       |       |     4 |     2 |     3 |     2 |       |       |       ||    11
       Animate Skeleton  |       |       |       |    18 |    46 |     1 |       |       |       ||    65
       Hailstorm         |       |       |       |     8 |    16 |     5 |     5 |       |     1 ||    35
       Iskenderun's Batt |       |       |       |     2 |       |       |       |       |       ||     2
       Starburst         |       |       |       |       |   134 |   199 |   335 |   335 |   383 ||  1386
       Irradiate         |       |       |       |       |       |    60 |    46 |    66 |    97 ||   269
       Orb of Destructio |       |       |       |       |       |    38 |     6 |    25 |   104 ||   173
       Ignition          |       |       |       |       |       |    18 |    71 |   130 |   137 ||   356
       Deflect Missiles  |       |       |       |       |       |       |       |       |     3 ||     3
 Abil: Stop Flying       |       |       |       |       |       |       |       |     2 |       ||     2
       Evoke Flight      |       |       |       |       |       |       |       |     1 |     1 ||     2
       Blink             |       |       |       |       |       |       |       |       |     1 ||     1
Evoke: Wand              |       |       |     5 |       |       |     5 |     4 |     3 |    15 ||    32
       Lamp of fire      |       |       |       |       |       |       |     1 |       |       ||     1
       Fan of gales      |       |       |       |       |       |       |       |       |     1 ||     1
       Staff of energy   |       |       |       |       |       |       |       |       |     2 ||     2
  Use: Potion            |     3 |       |     1 |     1 |     1 |     3 |     3 |     4 |    13 ||    29
       Scroll            |       |     4 |     3 |    21 |    14 |     9 |     5 |    23 |    18 ||    97
 Stab: Sleeping          |       |       |       |     1 |     1 |       |       |       |       ||     2
  Eat: Chunk             |     3 |    10 |    17 |    32 |    42 |    48 |    43 |    15 |    36 ||   246
       Ration            |       |       |     4 |     5 |     7 |    15 |     7 |    11 |    10 ||    59
Armor: Robe              |    12 |     1 |    16 |    21 |       |       |       |       |       ||    50
       Troll leather arm |       |       |       |     8 |    53 |    46 |       |       |       ||   107
       Leather armour    |       |       |       |     6 |    10 |       |       |       |       ||    16
       Chain mail        |       |       |       |       |       |     7 |   150 |   110 |   132 ||   399
Dodge: Dodged            |    47 |    13 |    86 |   141 |   230 |   372 |   120 |    50 |   102 ||  1161
       Deflected         |       |       |       |       |     1 |    41 |       |       |    20 ||    62
Block: Buckler           |       |       |       |    20 |    55 |   120 |   209 |    46 |       ||   450
       Reflection        |       |       |       |       |       |     9 |    67 |    44 |    76 ||   196
       Shield            |       |       |       |       |       |       |       |   108 |       ||   108
       Large shield      |       |       |       |       |       |       |       |    33 |   471 ||   504

Table legend:
 A = Non-vault XP
 B = Vault XP
 C = Vault XP percentage of total XP
 D = Non-vault monster count
 E = Vault monster count
 F = Vault count percentage of total count
                 A         B        C        D         E       F
            +---------+---------+-------+---------+---------+-------
      Total |  928164 |  961595 |  50.9 |    1583 |    1160 |  42.3
            +---------+---------+-------+---------+---------+-------
        D:1 |      38 |       0 |   0.0 |      22 |       0 |   0.0
        D:2 |      75 |      79 |  51.3 |      25 |      14 |  35.9
        D:3 |      99 |       0 |   0.0 |      10 |       0 |   0.0
        D:4 |     348 |       0 |   0.0 |      12 |       0 |   0.0
        D:5 |     707 |     172 |  19.6 |      29 |       1 |   3.3
        D:6 |     994 |     623 |  38.5 |      26 |       6 |  18.8
        D:7 |    1029 |     506 |  33.0 |      22 |       2 |   8.3
        D:8 |     528 |       0 |   0.0 |       6 |       0 |   0.0
        D:9 |    1091 |       0 |   0.0 |      21 |       0 |   0.0
       D:10 |    1389 |    1684 |  54.8 |      24 |      41 |  63.1
       D:11 |    5486 |    1310 |  19.3 |      33 |       2 |   5.7
       D:12 |    2846 |    1955 |  40.7 |      19 |       2 |   9.5
       D:13 |    7026 |    1785 |  20.3 |      48 |       3 |   5.9
       D:14 |    6446 |       0 |   0.0 |      18 |       0 |   0.0
       D:15 |   22417 |    1980 |   8.1 |      61 |       2 |   3.2
     Lair:1 |    3414 |       0 |   0.0 |      20 |       0 |   0.0
     Lair:2 |    3255 |       0 |   0.0 |      14 |       0 |   0.0
     Lair:3 |    6597 |    2000 |  23.3 |      20 |       8 |  28.6
     Lair:4 |    1986 |    1462 |  42.4 |      10 |       7 |  41.2
     Lair:5 |    1694 |    1977 |  53.9 |       8 |       2 |  20.0
     Lair:6 |   12842 |   11193 |  46.6 |      39 |      22 |  36.1
   Shoals:1 |   19694 |     888 |   4.3 |      38 |       1 |   2.6
   Shoals:2 |    4407 |   11130 |  71.6 |      11 |      13 |  54.2
   Shoals:3 |   19334 |    9826 |  33.7 |      42 |      16 |  27.6
   Shoals:4 |   12387 |   18305 |  59.6 |      26 |      30 |  53.6
    Snake:1 |   18739 |    3664 |  16.4 |      39 |       1 |   2.5
    Snake:2 |   18293 |       0 |   0.0 |      37 |       0 |   0.0
    Snake:3 |   22410 |    2851 |  11.3 |      39 |       9 |  18.8
    Snake:4 |    7487 |   43869 |  85.4 |      17 |      66 |  79.5
    Slime:1 |     553 |       0 |   0.0 |       3 |       0 |   0.0
    Slime:2 |   10558 |       0 |   0.0 |      11 |       0 |   0.0
    Slime:3 |   12598 |       0 |   0.0 |      15 |       0 |   0.0
    Slime:4 |   19722 |       0 |   0.0 |      28 |       0 |   0.0
    Slime:5 |    6194 |   36663 |  85.5 |       6 |      15 |  71.4
      Orc:1 |    2503 |     965 |  27.8 |      33 |      15 |  31.2
      Orc:2 |    1776 |   26694 |  93.8 |       2 |     158 |  98.8
      Elf:1 |   12573 |    9837 |  43.9 |      25 |      13 |  34.2
      Elf:2 |   15624 |    1826 |  10.5 |      27 |       2 |   6.9
      Elf:3 |   22631 |   48110 |  68.0 |      33 |      34 |  50.7
   Vaults:1 |   11976 |   22818 |  65.6 |      23 |      38 |  62.3
   Vaults:2 |   37436 |   32370 |  46.4 |      54 |      44 |  44.9
   Vaults:3 |   19199 |   19232 |  50.0 |      26 |      26 |  50.0
   Vaults:4 |   35707 |   32582 |  47.7 |      51 |      36 |  41.4
   Vaults:5 |   35848 |  140576 |  79.7 |      57 |      88 |  60.7
    Crypt:1 |   51212 |   17074 |  25.0 |      68 |      28 |  29.2
    Crypt:2 |   24055 |    5177 |  17.7 |      38 |       1 |   2.6
    Crypt:3 |   34684 |   51869 |  59.9 |      44 |      39 |  47.0
   Depths:1 |   25896 |       0 |   0.0 |      35 |       0 |   0.0
   Depths:2 |   39461 |    3632 |   8.4 |      54 |      11 |  16.9
   Depths:3 |    2124 |  109340 |  98.1 |       4 |     124 |  96.9
   Depths:4 |   33665 |   69929 |  67.5 |      34 |      52 |  60.5
   Depths:5 |   56556 |   34614 |  38.0 |      41 |      16 |  28.1
      Zot:1 |   17623 |       0 |   0.0 |      11 |       0 |   0.0
      Zot:2 |   18591 |    3940 |  17.5 |      10 |       3 |  23.1
      Zot:3 |   22340 |       0 |   0.0 |      14 |       0 |   0.0
      Zot:4 |   25017 |       0 |   0.0 |      11 |       0 |   0.0
      Zot:5 |   55998 |  153710 |  73.3 |      29 |      40 |  58.0
      Zig:1 |    1420 |       0 |   0.0 |       2 |       0 |   0.0
      Zig:2 |    1514 |       0 |   0.0 |       4 |       0 |   0.0
      Zig:3 |    4632 |       0 |   0.0 |       3 |       0 |   0.0
      Zig:4 |    2388 |       0 |   0.0 |       4 |       0 |   0.0
      Zig:5 |    8460 |       0 |   0.0 |       7 |       0 |   0.0
      Zig:6 |   10635 |       0 |   0.0 |       9 |       0 |   0.0
      Zig:7 |   11504 |       0 |   0.0 |       9 |       0 |   0.0
      Zig:8 |   15672 |       0 |   0.0 |      10 |       0 |   0.0
      Zig:9 |   16761 |       0 |   0.0 |      12 |       0 |   0.0
     Bailey |       0 |    4935 | 100.0 |       0 |      69 | 100.0
      IceCv |       0 |    8801 | 100.0 |       0 |      36 | 100.0
 Desolation |       0 |    6745 | 100.0 |       0 |      19 | 100.0
   Gauntlet |       0 |    2897 | 100.0 |       0 |       5 | 100.0
            +---------+---------+-------+---------+---------+-------

Levels and vault maps discovered:
D:1:      scummos_arrival_checkerplants, layout_loops_ring
D:2:      layout_basic, first_ration, minivault_25, minmay_snake_closets
D:3:      layout_loops_ring, uniq_crazy_yiuf_cottage
D:4:      layout_cave_pods, kennysheep_little_box, okawaru_ov_weapons_minmay
D:5:      layout_loops_corners, amethyst_overflow_temple_binary,
          temple_fountains, uniq_menkaure
D:6:      layout_basic, portal_sewer_entry_c, uniq_pikel
D:7:      layout_basic, the_bakery, uniq_prince_ribbit1
D:8:      gammafunk_corrupted_shrine, layout_basic, serial_shops,
          nicolae_shop_stone, uniq_maggie
D:9:      layout_basic, nemelex_altar_shiori, kennysheep_doodads
D:10:     layout_irregular_city, grunt_lair_entry_orc_guard_hut,
          zombieorc2_lemuel, nicolae_ashenzari_panopticon
D:11:     layout_irregular_city, enter_trove_6,
          onia_ninara_dug_in_and_dangerous, uniq_urug, uniq_psyche
D:12:     layout_basic, serial_shops, shop, enter_bailey_8,
          gammafunk_ghost_hydra_chop
D:13:     layout_rooms, david_vaults_2, minmay_misc_feat_enclosed
D:14:     layout_cave_pods, portal_ice_cave_entry_pillars_1,
          gauntlet_entry_generic, basic_altar
D:15:     grunt_enter_depths_hoard, layout_rooms, serial_curves, eino_curves_03,
          eino_curves_02, eino_curves_01, eino_curves_04,
          minmay_misc_feat_doors, serial_shops,
          nicolae_shop_temple_entry_statues_fountains, xom_shifter_show
Lair:1:   layout_long_grid, lemuel_fruit_fields, serial_bayou_shore_a
Lair:2:   layout_regular_city
Lair:3:   layout_cave_pods, minmay_shoals_entry_beasts,
          minmay_snake_entry_guardpost_small, cheibrodos_lair_lostbears
Lair:4:   layout_concentric_octagons, grunt_megastairs_4,
          infiniplex_staircase_pool
Lair:5:   layout_layer_cave, serial_bayou_pond_d, lemuel_fruit_fields,
          uniq_snorg
Lair:6:   evilmike_catoblepas_cave, layout_cave_pods, slime_altar_1
Shoals:1: layout_shoals
Shoals:2: layout_shoals, nicolae_shoals_wave_tunnel, uniq_polyphemus,
          uniq_frances, uniq_kirke
Shoals:3: cheibrodos_shoals_satyrical_garden, layout_shoals, st_shoals_ruin
Shoals:4: shoals_end_grunt_ice, layout_shoals
Snake:1:  layout_chambers, basic_altar, serial_shops, nicolae_shop_statue_plus,
          shop_fountains, uniq_nikola
Snake:2:  layout_misc_corridors
Snake:3:  layout_cave_town, grunt_megastairs_3
Snake:4:  grunt_snake_rune_serpentine_throne, layout_layer_cave,
          gammafunk_ghost_arena, serial_shops, nicolae_shop_statue_plus,
          minmay_shoptagon
Slime:1:  layout_caves, nicolae_slime_barrier
Slime:2:  layout_caves, nicolae_slime_welcoming_committee
Slime:3:  layout_caves
Slime:4:  layout_caves
Slime:5
Orc:1:    layout_caves, lightli_church_of_beogh
Orc:2:    pubby_orc_utopia, serial_shops, uniq_maurice, uniq_josephine,
          uniq_jorgrun
Elf:1:    eino_elf_arrival_the_gate, layout_gridlike, serial_shops,
          bzr_entry_gold, minmay_elf_annihilation, grunt_ministairs_1,
          uniq_agnes
Elf:2:    layout_rooms, portal_desolation_entry_ruin, serial_shops, shop,
          minmay_shop_grid_forest
Elf:3:    elf_hall_gauntlet_narrow, layout_loops_cross, serial_shops,
          shop_statue, minivault_13, uniq_donald
Vaults:1: minmay_guarded_unrand_secular_launcher, hangedman_vaults_corner,
          ontoclasm_vaults_gateway, nicolae_vaults_diagonal_hallway_9,
          nicolae_vaults_little_squares_6, v_rooms_5, ontoclasm_vaults_pinch,
          ontoclasm_vaults_ligature, v_alt_pattern_4, vaults_room_hallway,
          ontoclasm_vaults_ring_small, vaults_dpeg_encased_lava,
          nicolae_vaults_little_squares_5, layout_vaults_big_room
Vaults:2: nicolae_vaults_triangles, minmay_crypt_entry_simple_walls,
          vaults_room_pool, st_cells, vaults_room_pools, ontoclasm_vaults_twist,
          hangedman_vaults_stagger, nicolae_vaults_network_square,
          v_alt_pattern_5, ontoclasm_vaults_eye, v_misc_19,
          nicolae_vaults_windows_and_doors_thing, nicolae_vaults_asterisk,
          nicolae_vaults_little_squares_4, layout_vaults_omnibox, serial_shops,
          bzr_entry_road
Vaults:3: ontoclasm_vaults_decontamination, v_misc_14, st_smaller_cells,
          nicolae_vaults_network_quinsquares
          [nicolae_vaults_network_quincunx_subvault,
          nicolae_vaults_network_quincunx_subvault,
          nicolae_vaults_network_quincunx_subvault,
          nicolae_vaults_network_quincunx_subvault], v_misc_15,
          nicolae_vaults_what_the_h, grunt_vaults_focal, vaults_room_corners,
          hangedman_vaults_maws, layout_vaults_omnigrid, serial_shops,
          nicolae_shop_statue_plus
Vaults:4: v_misc_14, vaults_room_mumra_shop_pool, ontoclasm_vaults_misaligned,
          vaults_standard_mumra_x, nicolae_vaults_hallways_thing,
          hangedman_vaults_nails, v_misc_31, st_check, vaults_mumra_hex,
          hangedman_vaults_trim, v_misc_10, grunt_vaults_hallway_short,
          vaults_dpeg_hooks, layout_vaults_ring
Vaults:5
Crypt:1:  layout_misc_corridors, grunt_crypt_arrival_webbed, grunt_megastairs_2,
          uniq_xtahua, uniq_saint_roka
Crypt:2:  layout_chaotic_city, uniq_bai_suzhen
Crypt:3:  lightli_unholy_cathedral, layout_chaotic_city, grunt_ministairs_12,
          nicolae_crypt_soggy_tomb, minmay_strange_pillars
Depths:1: layout_basic, hell_entry, serial_glass, glass_columns_c,
          glass_columns_b, abyss_entry_flame_altar, nrook_mini_backslash,
          hangedman_decor_clover_reticule, drop_trap, feat_on_display
Depths:2: due_chaos_kobolds, layout_long_grid, pf_hell_entry_great_geh,
          minmay_fountain_box, kennysheep_small_circle
Depths:3: grunt_profane_halls [grunt_profane_temple_coc,
          grunt_profane_temple_tar, grunt_profane_temple_dis,
          grunt_profane_temple_geh, grunt_profane_loot], pan_entry, hell_entry
Depths:4: minmay_the_grid_square_5x5_4x4_mashed [minmay_the_grid_square_5x5_c,
          minmay_the_grid_square_5x5_eight_small,
          minmay_the_grid_square_5x5_meh, minmay_the_grid_square_5x5_seven,
          minmay_the_grid_square_5x5_inner_i,
          minmay_the_grid_square_5x5_prize_waves,
          minmay_the_grid_square_5x5_prize_monsterx,
          minmay_the_grid_square_5x5_percent, minmay_the_grid_square_5x5_slash,
          minmay_the_grid_square_5x5_prize_pseudospiral,
          minmay_the_grid_square_5x5_prize_rear_guard,
          minmay_the_grid_square_5x5_three_walls, minmay_the_grid_square_5x5_v,
          minmay_the_grid_square_5x5_one_wall,
          minmay_the_grid_square_5x5_dogpile,
          minmay_the_grid_square_5x5_spiral], layout_honeycomb,
          enter_ziggurat_b, minmay_room_of_horrors,
          infiniplex_enter_wizlab_water, hell_entry,
          chequers_serial_rivers_large_b, serial_bayou_shore_b
Depths:5: grunt_zot_entry_bicorn, layout_small_grid, grunt_hell_entry_dis_old,
          uniq_mennas
Zot:1:    layout_gridlike, drop_trap
Zot:2:    layout_gridlike, st_stairs_11, grunt_ministairs_6, skrybe_zot_glass_3
Zot:3:    layout_concentric_octagons, st_single_dragon_hoard_3, zot_minivault_1
Zot:4:    layout_basic
Zot:5:    layout_gridlike

Table legend:
 A = Turns spent in this place as a percentage of turns spent in the entire game.
 B = Non-inter-level travel turns spent in this place as a percentage of non-inter-level travel turns spent in the entire game.
 C = Inter-level travel turns spent in this place as a percentage of turns spent in this place.
 D = Turns resting spent in this place as a percentage of non-inter-level travel turns spent in this place.
 E = Turns spent auto-exploring this place as a percentage of non-inter-level travel turns spent in this place.
 F = Non-inter-level travel turns spent in this place divided by the number of levels of this place that you've seen.
                   A       B       C       D       E      F
               +-------+-------+-------+-------+-------+----------------------
         Total | 100.0 | 100.0 |   7.1 |  40.2 |  42.6 | 1428.2
       Dungeon |  23.0 |  22.3 |  10.3 |  29.1 |  52.0 | 1546.7
          Lair |  10.7 |   9.9 |  14.1 |  27.2 |  55.0 | 1724.5
        Shoals |   6.3 |   6.6 |   2.5 |  55.1 |  34.5 | 1716.0
     Snake Pit |   9.2 |   9.4 |   5.1 |  45.5 |  41.4 | 2460.2
    Slime Pits |   1.7 |   1.7 |   3.6 |  62.6 |  11.5 | 360.2
  Orcish Mines |   5.7 |   5.5 |   9.6 |  44.4 |  40.5 | 2884.5
   Elven Halls |   4.7 |   4.5 |  11.2 |  34.4 |  47.4 | 1551.7
        Vaults |  12.6 |  12.8 |   5.8 |  36.0 |  49.0 | 2673.2
         Crypt |   5.4 |   5.5 |   4.2 |  43.7 |  42.1 | 1920.0
        Depths |  10.5 |  10.8 |   4.3 |  41.6 |  41.8 | 2246.4
           Zot |   6.6 |   7.0 |   1.2 |  70.9 |  11.3 | 1468.4
      Ziggurat |   0.7 |   0.8 |   0.0 |  55.0 |   5.7 |  92.0
        Bazaar |   0.6 |   0.7 |   0.0 |  17.4 |  54.2 | 342.0
         Trove |   0.1 |   0.1 |   0.0 |   0.0 |   0.0 | 106.0
        Bailey |   0.7 |   0.7 |   0.0 |  16.4 |  19.5 | 733.0
      Ice Cave |   1.2 |   1.3 |   0.0 |  53.5 |  21.2 | 1309.0
    Desolation |   0.0 |   0.0 |   0.0 |   0.0 |   0.0 |  31.0
      Gauntlet |   0.3 |   0.4 |   0.0 |  37.2 |  33.9 | 387.0
               +-------+-------+-------+-------+-------+----------------------

Table legend:
 A = Kills in this place as a percentage of kills in entire the game.
 B = Kills by you in this place as a percentage of kills by you in the entire game.
 C = Kills by friends in this place as a percentage of kills by friends in the entire game.
 D = Other kills in this place as a percentage of other kills in the entire game.
 E = Experience gained in this place as a percentage of experience gained in the entire game.
 F = Experience gained in this place divided by the number of levels of this place that you have seen.
                   A       B       C       D       E      F
               +-------+-------+-------+-------+-------+----------------------
         Total | 100.0 | 100.0 | 100.0 | 100.0 | 100.0 | 26063.4
       Dungeon |  16.4 |  16.5 |  23.1 |   0.0 |   3.2 | 4107.5
          Lair |   5.5 |   5.4 |  30.8 |   0.0 |   2.4 | 7736.7
        Shoals |   6.4 |   6.3 |   0.0 |  22.7 |   5.0 | 23992.8
     Snake Pit |   7.6 |   7.6 |   0.0 |   4.5 |   6.2 | 29328.2
    Slime Pits |   2.8 |   2.9 |   0.0 |   0.0 |   4.5 | 17257.6
  Orcish Mines |   7.6 |   7.7 |   0.0 |   0.0 |   1.7 | 15969.0
   Elven Halls |   4.9 |   4.9 |   0.0 |   9.1 |   5.8 | 36867.0
        Vaults |  16.1 |  15.9 |   0.0 |  45.5 |  20.4 | 77548.8
         Crypt |   7.9 |   8.0 |   0.0 |   0.0 |   9.7 | 61357.0
        Depths |  13.6 |  13.6 |   0.0 |  18.2 |  19.9 | 75865.4
           Zot |   4.5 |   4.5 |   0.0 |   0.0 |  16.0 | 60996.2
      Ziggurat |   2.2 |   2.2 |   0.0 |   0.0 |   3.8 | 8109.6
        Bailey |   2.5 |   2.5 |   7.7 |   0.0 |   0.3 | 4935.0
      Ice Cave |   1.3 |   1.1 |  38.5 |   0.0 |   0.5 | 8801.0
    Desolation |   0.7 |   0.7 |   0.0 |   0.0 |   0.4 | 6745.0
      Gauntlet |   0.2 |   0.2 |   0.0 |   0.0 |   0.2 | 2897.0
               +-------+-------+-------+-------+-------+----------------------
